 Dungeon Crawl Stone Soup version 0.27-a0-1135-g81dfa19a63 (webtiles) character file.

Game seed: 18351597299897405458

1065389 Noili the Conqueror (level 27, -4/175 (179) HPs)
             Began as a Gargoyle Earth Elementalist on May 3, 2021.
             Was the Champion of Vehumet.
             Killed by divine providence
             ... invoked by a daeva
              (15 damage)
             ... on level 26 of a ziggurat on May 4, 2021.
             The game lasted 05:04:14 (101644 turns).

Noili the Conqueror (Gargoyle Earth Elementalist) Turns: 101644, Time: 05:04:15

HP:   -4/175 (179)  AC: 55    Str: 20    XL:     27
MP:   49/54         EV: 19    Int: 28    God:    Vehumet [******]
Gold: 14277         SH:  0    Dex: 13    Spells: 7/80 levels left

rFire    + + +     SeeInvis +   D - +10 dark maul {vorpal}
rCold    + . .     Faith    .   (shield currently unavailable)
rNeg     + . .     Spirit   .   z - +5 steam dragon scales
rPois    ∞         Reflect  .   n - +2 helmet {SInv}
rElec    +         Harm     .   E - scarf {rC+ rF+}
rCorr    .         Rampage  .   c - +2 pair of gloves {Dex+3}
Will     ++...                  W - +2 pair of boots {Stlth+}
Stlth    +++.......             A - amulet of Pitta {RegenMP Str+10}
HPRegen  1.39/turn              g - ring of the Tortoise {AC+8}
MPRegen  0.59/turn              i - ring of Eklegek {rElec rF++ AC+4 Str-3 SInv}

@: brilliant, flying, very slightly contaminated, hasted, glowing, studying 7
skills, lightly drained, very quick
A: sickness immunity, AC +20, big wings, negative energy resistance 1,
electricity resistance, torment resistance 1, unbreathing 1, petrification
resistance, iridescent scales 1, camouflage 1, frail 1, sense surroundings 1,
regeneration 1
}: 5/15 runes: barnacled, slimy, silver, abyssal, gossamer
a: Renounce Religion


You were on level 26 of a ziggurat.
You worshipped Vehumet.
Vehumet was exalted by your worship.
You visited 11 branches of the dungeon, and saw 53 of its levels.
You visited the Abyss 5 times.
You visited 2 ziggurats (completing 1), and saw 53 of their levels.
You also visited: Wizlab.

You collected 19796 gold pieces.
You spent 5519 gold pieces at shops.

Inventory:

Hand Weapons
 l - the +10 morningstar "Eos" {elec, Halo rElec}
   (You found it on level 22 of a ziggurat)

   Occasionally, upon striking a foe, it can discharge electrical energy and
   cause terrible harm.
   It insulates you from electricity.
 w - a +9 eveningstar of electrocution
 y - a +9 sacred scourge of holy wrath
 D - the +10 dark maul (weapon) {vorpal}
   (You took it off a rakshasa on level 2 of the Depths)

   It inflicts extra damage upon your enemies.
 G - the +10 dire flail "Tivyh" {elec, rCorr SInv Stlth+}
   (You acquired it on level 13 of a ziggurat)

   Occasionally, upon striking a foe, it can discharge electrical energy and
   cause terrible harm.
   It lets you see invisible.
   It protects you from acid and corrosion.
   It makes you more stealthy.
 T - the +9 staff of Wucad Mu {*channel}
   (You found it on level 14 of a ziggurat)
Armour
 c - a +2 pair of gloves of dexterity (worn)
 d - the +2 shield of Resistance {rF++ rC++ Will++}
   (You found it on level 27 of a ziggurat)

   It greatly protects you from fire.
   It greatly protects you from cold.
   It greatly increases your willpower.
 n - a +2 helmet of see invisible (worn)
 z - +5 steam dragon scales (worn)
 E - a scarf of resistance (worn)
 W - a +2 pair of boots of stealth (worn)
Jewellery
 b - the amulet of Harmony {RegenMP rC++ Dex-4}
   (You found it on level 14 of a ziggurat)

   [amulet of magic regeneration]

   It increases your rate of magic regeneration.
   It affects your dexterity (-4).
   It greatly protects you from cold.
 g - the ring of the Tortoise (left hand) {AC+8}
   (You found it on level 5 of the Vaults)

   [ring of protection]

   It affects your AC (+8).
 i - the ring of Eklegek (right hand) {rElec rF++ AC+4 Str-3 SInv}
   (You bought it in a shop on level 15 of the Dungeon)

   [ring of protection]

   It affects your AC (+4).
   It affects your strength (-3).
   It greatly protects you from fire.
   It insulates you from electricity.
   It lets you see invisible.
 r - the ring of the Centipede {rElec rC+ Int+4 Slay+4}
   (You found it on level 22 of a ziggurat)

   [ring of slaying]

   It affects your intelligence (+4).
   It affects your accuracy and damage with ranged weapons and melee attacks
   (+4).
   It protects you from cold.
   It insulates you from electricity.
 s - the amulet "Pontimme" {rF++ rC+ Regen+ Stlth-}
   (You found it on level 21 of a ziggurat)

   [amulet of regeneration]

   It greatly protects you from fire.
   It protects you from cold.
   It increases your rate of health regeneration.
   It makes you less stealthy.
 u - the ring of the Failed Coup {Wiz Str+4}
   (You found it on level 11 of a ziggurat)

   [ring of wizardry]

   It improves your spell success rate.
   It affects your strength (+4).
 A - the amulet of Pitta (around neck) {RegenMP Str+10}
   (You found it on level 12 of a ziggurat)

   [amulet of magic regeneration]

   It increases your rate of magic regeneration.
   It affects your strength (+10).
 Q - the ring of Nasaas {rCorr Str+6 Int+2 SInv}
   (You found it on level 18 of a ziggurat)

   [ring of strength]

   It affects your strength (+6).
   It affects your intelligence (+2).
   It lets you see invisible.
   It protects you from acid and corrosion.
 U - the ring "Gihitesh" {+Blink rF- rC+ rN+ Int+6}
   (You found it on level 15 of a ziggurat)

   [ring of intelligence]

   It affects your intelligence (+6).
   It makes you vulnerable to fire.
   It protects you from cold.
   It protects you from negative energy.
   It lets you blink.
 Z - the ring "Xoiri" {rC+++ rN+++ rCorr Int-5 Dex-5}
   (You found it on level 24 of a ziggurat)

   [ring of resist corrosion]

   It affects your intelligence (-5).
   It affects your dexterity (-5).
   It renders you almost immune to cold.
   It renders you almost immune to negative energy.
   It protects you from acid and corrosion.
Wands
 H - a wand of acid (8)
 L - a wand of iceblast (82)
Scrolls
 e - 25 scrolls of fog
 k - 21 scrolls of amnesia
 o - 54 scrolls of teleportation
 t - 12 scrolls of magic mapping
 K - 7 scrolls of holy word
 P - 15 scrolls of blinking
 R - 84 scrolls of identify
 Y - 4 scrolls of summoning
Potions
 a - 5 potions of ambrosia
 f - 13 potions of heal wounds
 h - 2 potions of berserk rage
 j - 13 potions of might
 m - 6 potions of brilliance
 v - 28 potions of curing
 x - 6 potions of resistance
 B - 2 potions of haste
 F - 11 potions of cancellation
 I - 3 potions of invisibility
 S - 10 potions of magic
 X - 23 potions of mutation
Miscellaneous
 p - a condenser vane
 q - a box of beasts
 M - a tin of tremorstones (2/2)
 O - a phial of floods
 V - a phantom mirror


   Skills:
 O Level 27 Fighting
 - Level 4.0(17.7) Axes
 O Level 27 Maces & Flails
 - Level 6.0 Armour
 - Level 15.0 Dodging
 + Level 11.5 Stealth
 O Level 27 Spellcasting
 + Level 23.3 Conjurations
 - Level 19.0 Necromancy
 - Level 8.0 Transmutations
 + Level 23.2 Fire Magic
 + Level 23.2 Ice Magic
 + Level 23.6 Earth Magic
 + Level 15.1 Evocations


You had 7 spell levels left.
You knew the following spells:

 Your Spells              Type           Power      Damage    Failure   Level
a - Shatter               Erth           65%        3d48*     1%          9
b - Stone Arrow           Conj/Erth      100%       3d13      0%          3
c - Lee's Rapid Deconstr  Erth           65%        3d31*     0%          5
d - Lehudib's Crystal Sp  Conj/Erth      65%        10d15     1%          8
e - Bolt of Magma         Conj/Fire/Erth 65%        4d25      0%          5
f - Fire Storm            Conj/Fire      64%        8d16      1%          9
g - Ignition              Fire           64%        3d17      1%          8
h - Necromutation         Tmut/Necr      53%        N/A       19%         8
i - Death's Door          Necr           60%        N/A       28%         9
j - Absolute Zero         Ice            64%        ∞         1%          9

Your spell library contained the following spells:

 Spells                   Type           Power      Damage    Failure   Level
 Animate Skeleton         Necr           100%       N/A       0%          1
 Foxfire                  Conj/Fire      100%       2x1d9     0%          1
 Freeze                   Ice            100%       1d11      0%          1
 Magic Dart               Conj           100%       1d8       0%          1
 Pain                     Necr           100%       1d9       0%          1
 Sandblast                Erth           100%       2d20      0%          1
 Shock                    Conj/Air       100%       1d9       0%          1
 Ensorcelled Hibernation  Hex/Ice        100%       N/A       0%          2
 Passwall                 Tmut/Erth      94%        N/A       0%          2
 Searing Ray              Conj           100%       3d7       0%          2
 Static Discharge         Conj/Air       100%       N/A       0%          2
 Conjure Flame            Conj/Fire      100%       6-21      0%          3
 Dazzling Flash           Conj/Hex       100%       N/A       0%          3
 Frozen Ramparts          Ice            100%       1d12      0%          3
 Inner Flame              Hex/Fire       100%       N/A       0%          3
 Ozocubu's Armour         Ice            100%       N/A       0%          3
 Vampiric Draining        Necr           60%        2d14      0%          3
 Animate Dead             Necr           60%        N/A       0%          4
 Dispel Undead            Necr           100%       3d31      0%          4
 Hailstorm                Conj/Ice       100%       3d20      0%          4
 Ice Form                 Ice/Tmut       100%       N/A       0%          4
 Petrify                  Tmut/Erth      100%       N/A       0%          4
 Sticky Flame             Conj/Fire      100%       2d11      0%          4
 Agony                    Necr           100%       N/A       0%          5
 Borgnjor's Vile Clutch   Necr/Erth      62%        N/A       0%          5
 Excruciating Wounds      Necr           60%        N/A       0%          5
 Fireball                 Conj/Fire      64%        3d24      0%          5
 Iskenderun's Battlesphe  Conj           100%       2d15      0%          5
 Iron Shot                Conj/Erth      65%        9d12      0%          6
 Starburst                Conj/Fire      64%        8x6d17    0%          6
 Apportation              Tloc           100%       N/A       1%          1
 Beastly Appendage        Tmut           100%       N/A       1%          1
 Corona                   Hex            60%        N/A       1%          1
 Sting                    Tmut/Pois      100%       1d8       1%          1
 Summon Small Mammal      Summ           100%       N/A       1%          1
 Blink                    Tloc           N/A        N/A       1%          2
 Call Imp                 Summ           54%        N/A       1%          2
 Corpse Rot               Necr/Air       N/A        N/A       1%          2
 Poisonous Vapours        Pois/Air       100%       N/A       1%          2
 Slow                     Hex            54%        N/A       1%          2
 Wereblood                Tmut           90%        N/A       1%          2
 Call Canine Familiar     Summ           54%        N/A       1%          3
 Confusing Touch          Hex            54%        N/A       1%          3
 Gell's Gravitas          Tloc           27%        N/A       1%          3
 Ignite Poison            Fire/Tmut/Pois 97%        N/A       1%          3
 Lesser Beckoning         Tloc           27%        N/A       1%          3
 Mephitic Cloud           Conj/Pois/Air  89%        N/A       1%          3
 Portal Projectile        Hex/Tloc       100%       N/A       1%          3
 Spider Form              Tmut/Pois      37%        N/A       1%          3
 Summon Guardian Golem    Hex/Summ       54%        N/A       1%          3
 Swiftness                Air            54%        N/A       1%          3
 Teleport Other           Tloc           54%        N/A       1%          3
 Tukima's Dance           Hex            54%        N/A       1%          3
 Airstrike                Air            27%        N/A       1%          4
 Animate Armour           Summ/Erth      100%       N/A       1%          4
 Fulminant Prism          Conj/Hex       50%        3d23      1%          4
 Iskenderun's Mystic Bla  Conj/Tloc      100%       2d19      1%          4
 Leda's Liquefaction      Hex/Erth       51%        N/A       1%          4
 Olgreb's Toxic Radiance  Pois           54%        N/A       1%          4
 Summon Ice Beast         Ice/Summ       100%       N/A       1%          4
 Hydra Form               Tmut           45%        N/A       1%          5
 Irradiate                Conj/Tmut      56%        3d32      1%          5
 Lightning Bolt           Conj/Air       50%        1d71      1%          5
 Metabolic Englaciation   Hex/Ice        50%        N/A       1%          5
 Yara's Violent Unravell  Hex/Tmut       37%        3d15      1%          5
 Conjure Ball Lightning   Conj/Air       50%        3x3d17    1%          6
 Death Channel            Necr           60%        N/A       1%          6
 Freezing Cloud           Conj/Ice/Air   56%        6-21      1%          6
 Simulacrum               Ice/Necr       62%        N/A       1%          6
 Orb of Destruction       Conj           64%        9d18      1%          7
 Ozocubu's Refrigeration  Ice            64%        4d17      1%          7
 Spellforged Servitor     Conj/Summ      50%        N/A       1%          7
 Alistair's Intoxication  Tmut/Pois      49%        N/A       3%          5
 Blade Hands              Tmut           45%        N/A       3%          6
 Eringya's Noxious Bog    Tmut/Pois      37%        N/A       5%          6
 Cause Fear               Hex            27%        N/A       7%          4
 Passage of Golubria      Tloc           N/A        N/A       7%          4
 Summon Lightning Spire   Summ/Air       54%        N/A       7%          4
 Haunt                    Necr/Summ      47%        N/A       12%         7
 Manifold Assault         Tloc           54%        N/A       19%         5
 Silence                  Hex/Air        27%        N/A       19%         5
 Summon Forest            Summ/Tloc      27%        N/A       19%         5
 Summon Mana Viper        Hex/Summ       54%        N/A       19%         5
 Dragon Form              Tmut           45%        N/A       22%         7
 Dispersal                Tloc           27%        N/A       71%         6
 Invisibility             Hex            54%        N/A       71%         6
 Shadow Creatures         Summ           N/A        N/A       71%         6
 Malign Gateway           Summ/Tloc      27%        N/A       99%         7
 Monstrous Menagerie      Summ           27%        N/A       99%         7
 Summon Hydra             Summ           27%        N/A       99%         7
 Borgnjor's Revivificati  Necr           60%        N/A       1%          8
 Infestation              Necr           60%        N/A       1%          8
 Chain Lightning          Conj/Air       50%        N/A       11%         8
 Discord                  Hex            27%        N/A       100%        8
 Disjunction              Tloc           27%        N/A       100%        8
 Summon Horrible Things   Summ           27%        N/A       100%        8
 Dragon's Call            Summ           27%        N/A       100%        9
 Tornado                  Air            27%        N/A       100%        9
 Sublimation of Blood     Necr           Unusable   N/A       N/A         2
 Statue Form              Tmut/Erth      Unusable   N/A       N/A         6

Dungeon Overview and Level Annotations

Branches:
Dungeon (15/15)            Temple (1/1) D:5            Lair (6/6) D:11
 Shoals (4/4) Lair:4       Spider (4/4) Lair:2        Slime (5/5) Lair:6
    Orc (2/2) D:10            Elf (3/3) Orc:2        Vaults (5/5) D:13
  Crypt (3/3) Vaults:3       Tomb (0/3) Crypt:3      Depths (5/5) D:15
    Zot (0/5) Depths:5     WizLab (visited)

Altars:
Ashenzari
Cheibriados
Dithmenos
Elyvilon
Fedhas
Gozag
Hepliaklqana
Kikubaaqudgha
Makhleb
Nemelex Xobeh
Okawaru
Qazlal
Ru
Sif Muna
Trog
Uskayaw
Vehumet
Wu Jian
Xom
Yredelemnul
Zin
The Shining One
Beogh
Lugonu

Shops:
D:1 (   D:2 !   D:15 =   Orc:2 (:*[   Shoals:1 *   Vaults:2 *   Vaults:3 ?
Vaults:4 :   Depths:1 =:=   Depths:3 *:*

Portals:
Hell: Depths:1 Depths:2 Depths:3 Depths:4 Depths:5
Abyss: Depths:4 Depths:5
Pandemonium: Depths:1 Depths:3
Trove: D:13 (show slimy rune of Zot)

Annotations:
D:5 1 runed translucent door
Lair:3 3 runed translucent doors, Gather's ghost, journeyman OpTm
Shoals:1 2 transporters, Feb132020's ghost, journeyman MfVM
Spider:2 3 runed translucent doors, crabbyslav's ghost, adept KoEE
Elf:1 6 runed translucent doors
Elf:2 5 runed translucent doors
Vaults:2 3 runed translucent doors, exclusion: obsidian statue, TheWayOfAllFlesh's ghost, adept DsGl


Innate Abilities, Weirdness & Mutations

You are immune to sickness and miasma.
Your stone body is resilient. (AC +20)
You are immune to poison.
Your large and strong wings let you fly.
You resist negative energy. (rN+)
You are resistant to electric shocks. (rElec)
You are resistant to unholy torment.
You can survive without breathing.
You are immune to petrification.
You are partially covered in iridescent scales. (AC +2)
Your skin changes colour to match your surroundings (Stealth+).
You are frail. (-10% HP)
You passively map a small area around you.
Your natural rate of healing is unusually fast.


Message History

3 pearl dragons, an angel and an ophan come into view.
The angel is wielding a +3 whip of holy wrath.
Casting: Absolute Zero (dangerous; 1% risk of failure)
Confirm with . or Enter, or press ? or * to list all spells.
Casting: Absolute Zero (dangerous; 1% risk of failure)
Press: ? - help, Dir - look around, f - activate You feel a surge of power!
You chill the pearl dragon to absolute zero!
The pearl dragon is frozen into a solid block of ice!
You kill the pearl dragon!
Vehumet accepts your kill.
You feel your power returning. The ophan turns its gaze towards you.
You are engulfed in blessed fire.
A daeva comes into view.
It is wielding a +3 scimitar of holy wrath and wearing the +6 tower shield of Hopscotch {Str+4 Int+4 Dex+2}.
A pearl dragon comes into view.
The ophan calls forth blessed flames!
Blessed fire suddenly surrounds you!
A cherub comes into view. It is wielding a +2 flail of flaming.
An ophan comes into view.
The pearl dragon moves out of view.
An angel, a daeva, an ophan and 2 apis come into view.
The angel is wielding a +2 whip of holy wrath.
The daeva is wielding a +3 scimitar of holy wrath and wearing the +0 tower shield of Agoraphobia {Str+4 Stlth+}.
Unknown command.
Unknown command.
Unknown command.
Casting: Absolute Zero (dangerous; 1% risk of failure)
Confirm with . or Enter, or press ? or * to list all spells.
You feel a surge of power!
You miscast Death's Door.
You are very lightly contaminated with residual magic.
You hear strange and distant voices!
You partially resist.
You feel drained.
* * * LOW HITPOINT WARNING * * *
The angel shouts!
An angel comes into view. It is wielding a +1 whip of holy wrath.
The daeva calls down the wrath of the Shining One upon you.
The Shining One smites you!
* * * LOW HITPOINT WARNING * * *
The daeva calls down the wrath of the Shining One upon you.
The Shining One smites you!
You die... , , , * , G)A..................... .)D.....................
DGY†.................... , AA.)....................
YD))....................

,GD)A...8................
.G.Y.))8§...............
D.DD.8)@§...............
,
AA.A..)§§...............
,
...AD....D..............
,
..Y.....................
,
A.......................
,
..G.....................
........................
,
........................
,


You could see 4 apis, 5 daevas, 9 pearl dragons, 3 angels, 5 ophanim and a
cherub (strong).

Vanquished Creatures
  the Royal Jelly (Slime:5)
  13 dread liches
  10 ancient liches
  Khufu (Crypt:1)
  A juggernaut (Depths:3)
  Mennas (Depths:3)
  33 pandemonium lords
  18 royal mummies
  The ghost of Utoppaes the Warrior, a veteran GrFi of the Shining One (Crypt:1)
  Boris (4 times) (Vaults:2 Vaults:3 Crypt:1 Depths:3)
  Bai Suzhen (Spider:4)
  11 shard shrikes
  21 Killer Klowns
  Xtahua (Vaults:2)
  Saint Roka (Orc:2)
  Nikola (Depths:2)
  6 profane servitors
  12 golden dragons
  22 caustic shrikes
  11 bone dragons
  Jory (Vaults:4)
  11 pearl dragons (Zig:26)
  The ghost of celly00 the Eclecticist, an adept DESu of Ashenzari (Vaults:4)
  4 iron giants
  Arachne (Spider:2)
  Jorgrun (Spider:2)
  4 Brimstone Fiends
  4 Hell Sentinels
  11 hellephants
  8 tentacled monstrosities
  10 liches
  3 deep elf blademasters (Elf:3)
  9 Ice Fiends
  11 titans
  8 quicksilver dragons
  A kraken (Shoals:3)
  Polyphemus (Shoals:4)
  4 deep elf master archers (Elf:3)
  13 tentacled starspawn
  40 acid blobs
  The ghost of celly00 the Warrior, an adept DjVM of Makhleb (Elf:2)
  An Executioner (Abyss:1)
  18 sphinxes
  16 ancient champions
  4 shadow dragons
  A storm dragon (Depths:5)
  13 tengu reavers
  Agnes (Spider:4)
  11 revenants
  6 draconian monks
  23 rockslimes
  17 azure jellies
  16 fire giants
  2 fire giants (shapeshifter)
  An azure jelly (shapeshifter) (Zig:1)
  91 nagarajas
  8 daevas
  10 draconian knights
  16 vault wardens
  17 frost giants
  15 ghost moths
  3 draconian scorchers
  A warmonger (Zig:12)
  11 deep elf sorcerers
  3 draconian shifters
  6 juggernaut zombies
  3 cacodemons
  7 caustic shrike zombies
  A frost giant (shapeshifter) (Zig:17)
  Aizul (Elf:1)
  Louise (Shoals:4)
  4 balrugs
  4 iron dragons
  3 orc warlords
  9 angels
  14 ghouls
  4 draconian annihilators
  2 draconian stormcallers (Zig:12)
  9 emperor scorpions
  18 ironbound preservers
  20 quicksilver oozes
  22 curse skulls
  4 spriggan defenders
  8 deep elf elementalists
  6 caustic shrike skeletons
  5 ophanim (Zig:26)
  2 stone giants (shapeshifter)
  4 war gargoyles
  6 apis (Zig:26)
  21 stone giants
  4 blood saints
  5 juggernaut skeletons
  53 very ugly things
  13 reapers
  12 vampire knights
  4 bennus (Zig:13)
  A bunyip (Zig:7)
  10 deep elf annihilators
  2 lorocyprocas
  Azrael (Spider:3)
  6 deep elf demonologists
  4 black draconians
  4 green draconians (Zig:12)
  8 corrupters
  2 red draconians
  18 entropy weavers
  10 purple draconians (WizLab)
  9 white draconians
  27 dire elephants
  A dire elephant (shapeshifter) (Zig:23)
  12 spark wasps
  A yellow draconian (Depths:5)
  18 eidola
  9 statues (WizLab)
  An eleionoma (Zig:7)
  12 deep elf death magi
  2 merfolk javelineers (Shoals:4)
  A green death (Zig:12)
  14 mummy priests
  5 jiangshi
  8 merfolk impalers
  13 fire dragons
  24 blizzard demons
  20 ettins
  16 yaktaur captains
  Josephine (D:14)
  3 quicksilver dragon zombies
  An eleionoma (shapeshifter) (Zig:17)
  2 quicksilver dragon skeletons
  18 great orbs of eyes
  An ice dragon (shapeshifter) (Elf:1)
  A fire dragon (shapeshifter) (Zig:25)
  31 vault guards
  10 deep elf high priests
  15 naga warriors
  3 salamander tyrants
  A juggernaut simulacrum (Depths:1)
  8 spriggan air magi
  45 hydras
  5 rakshasas
  18 boulder beetles
  10 ironbound frosthearts
  Harold (D:7)
  11 catoblepae
  Erica (Orc:1)
  A hydra (shapeshifter) (Zig:23)
  An ogre mage (Zig:25)
  A hell beast (Zig:12)
  5 two-headed ogres
  20 ice dragons
  2 ghost crabs
  10 ironbound thunderhulks
  4 merfolk avatars
  13 centaur warriors
  A fenstrider witch skeleton (Crypt:2)
  6 merfolk aquamancers (Shoals:4)
  3 satyrs
  14 dancing weapons
  3 death knights (Crypt:3)
  11 deep troll shamans
  2 alligators (shapeshifter)
  20 vampire magi
  2 orc high priests
  A catoblepas (shapeshifter) (Zig:23)
  15 anacondas
  A satyr (shapeshifter) (Vaults:5)
  23 death yaks
  17 thrashing horrors
  2 death scarabs
  15 deep troll earth magi
  5 ironbound beastmasters
  9 soul eaters
  16 tengu warriors
  32 naga sharpshooters
  5 hell hogs
  8 hell knights
  5 titan skeletons
  10 spriggan berserkers
  4 titan zombies
  23 shock serpents
  25 deep elf knights
  3 sun demons
  A storm dragon zombie (Zig:26)
  Nergalle (Orc:2)
  A fire crab (shapeshifter) (Vaults:5)
  3 iron golems
  3 sixfirhies
  Sonja (Lair:4)
  5 spatial maelstroms
  2 iron trolls (shapeshifter)
  49 skeletal warriors
  A fire crab (Shoals:4)
  14 sea snakes
  4 salamander mystics
  12 shadow wraiths
  2 spark wasp zombies
  A death drake (Zig:5)
  18 wretched stars
  4 swamp dragons (Zig:7)
  A cherub (Zig:26)
  A storm dragon skeleton (Zig:21)
  14 iron trolls
  84 deep trolls
  10 glowing orange brains
  6 golden dragon zombies
  A goliath frog (shapeshifter) (Zig:23)
  A bog body (Crypt:1)
  An anaconda skeleton (Crypt:1)
  8 orange crystal statues
  23 phantasmal warriors
  3 shadow dragon zombies
  4 spriggan druids
  15 flayed ghosts
  5 obsidian statues
  27 deep elf archers
  4 tengu zombies
  26 harpies
  5 golden dragon skeletons
  8 lindwurms
  25 orc knights
  13 naga ritualists
  17 wizards
  16 ironbound convokers
  2 sphinx zombies
  A lindwurm (shapeshifter) (Vaults:5)
  31 deep elf zephyrmancers
  41 deep elf pyromancers
  A mana viper (shapeshifter) (Abyss:1)
  12 mana vipers
  A cyclops (shapeshifter) (Zig:17)
  19 orb spiders
  A wolf spider (shapeshifter) (Depths:2)
  4 fire giant zombies
  4 orc sorcerers
  A shining eye (shapeshifter) (Zig:25)
  8 necromancers
  6 tengu skeletons
  6 will-o-the-wisps
  A salamander (shapeshifter) (D:13)
  14 shining eyes
  24 wolf spiders
  4 iron dragon zombies
  17 fauns
  58 ugly things
  8 salamanders
  6 shadow dragon skeletons
  11 manticores
  9 iron dragon skeletons
  5 worldbinders
  15 merfolk sirens
  5 sphinx skeletons
  2 moths of wrath
  4 stone giant zombies
  14 cyclopes
  Joseph (D:9)
  An elephant (shapeshifter) (Zig:25)
  4 rust devils
  11 elf zombies
  7 frost giant zombies
  22 guardian serpents
  A water nymph (Shoals:4)
  10 eyes of devastation
  A stone giant skeleton (Crypt:1)
  A shock serpent zombie (Crypt:1)
  A guardian serpent (shapeshifter) (Zig:25)
  17 smoke demons
  29 vault sentinels
  5 ice statues
  2 eyes of devastation (shapeshifter)
  4 fire giant skeletons
  79 black mambas
  2 frost giant skeletons
  14 torpor snails
  36 naga magi
  16 elephants
  3 spriggan zombies
  6 gargoyles
  14 elf skeletons
  2 efreet (Zig:16)
  A death yak zombie (Crypt:1)
  14 apocalypse crabs
  50 cane toads
  Psyche (D:8)
  7 unseen horrors
  13 rime drakes
  3 hellions
  22 demonic crawlers
  A minotaur zombie (Crypt:2)
  27 komodo dragons
  A spark wasp simulacrum (Depths:1)
  An emperor scorpion zombie (Crypt:2)
  A yaktaur (shapeshifter) (Zig:17)
  10 tormentors
  2 komodo dragons (shapeshifter)
  29 ice devils
  2 golden dragon simulacra
  29 yaktaurs
  3 kobold demonologists
  23 tengu conjurers
  34 freezing wraiths
  23 jumping spiders
  6 hellwings
  13 ancient zymes
  25 guardian mummies
  28 merfolk
  A hydra zombie (Crypt:3)
  A red draconian skeleton (Crypt:1)
  11 hornets
  5 trolls
  6 wind drakes
  A troll (shapeshifter) (Zig:17)
  5 tyrant leeches (Lair:6)
  8 polar bears
  A harpy zombie (Crypt:3)
  Prince Ribbit (D:6)
  A merfolk (shapeshifter) (Vaults:5)
  3 ettin zombies
  A hornet (shapeshifter) (Depths:2)
  2 raiju (shapeshifter)
  12 raiju
  25 blink frogs
  A slime creature (shapeshifter) (Zig:8)
  A stone giant simulacrum (Abyss:1)
  10 dream sheep
  A frost giant simulacrum (Crypt:1)
  14 snapping turtles
  2 dream sheep (shapeshifter)
  An alligator zombie (Crypt:1)
  A hydra skeleton (Crypt:1)
  118 slime creatures
  3 ice dragon zombies
  A centaur simulacrum (D:15)
  A blink frog (shapeshifter) (Abyss:2)
  8 spriggans
  A fire dragon zombie (Crypt:3)
  A boulder beetle zombie (Crypt:1)
  6 air elementals
  An ettin skeleton (Abyss:2)
  6 spriggan skeletons
  36 tarantellas
  76 redbacks
  A yak (shapeshifter) (Zig:25)
  4 shadows
  28 wraiths
  Sigmund (D:6)
  11 ynoxinuls
  29 flying skulls
  19 water elementals
  An ice dragon skeleton (Crypt:2)
  8 fire elementals
  46 large abominations
  21 golden eyes
  52 yaks
  7 ushabtiu
  13 wyverns
  2 elf simulacra
  7 fire bats
  8 basilisks
  A vampire (Abyss:1)
  4 steam dragons
  13 neqoxecs
  14 chaos spawn
  14 vampire mosquitoes
  3 wargs (D:11)
  A water nymph zombie (Crypt:2)
  An acid dragon (shapeshifter) (D:15)
  18 small abominations
  4 spatial vortices (Abyss:3)
  3 acid dragons
  36 water moccasins
  26 nagas
  A two-headed ogre zombie (D:10)
  A torturous demonspawn skeleton (Crypt:1)
  4 floating eyes
  2 floating eyes (shapeshifter)
  3 hell hounds (Spider:3)
  A cane toad skeleton (Abyss:3)
  A human zombie (Vaults:3)
  10 ice beasts
  3 sky beasts
  2 snapping turtle zombies (Crypt:3)
  A sky beast (shapeshifter) (Zig:23)
  2 black bears
  24 orc warriors
  A meliai simulacrum (D:15)
  A black mamba simulacrum (Crypt:1)
  18 necrophages
  8 ogres
  18 wolves
  17 centaurs
  7 boggarts (Vaults:1)
  8 kobold brigands
  5 phantoms
  5 scorpions
  A gnoll sergeant (D:10)
  22 bullfrogs
  10 earth elementals
  2 wyvern zombies
  A glowing shapeshifter simulacrum (Zig:13)
  4 wyvern skeletons (Crypt:3)
  A water moccasin zombie (D:5)
  2 troll skeletons
  10 killer bees
  5 troll zombies (D:10)
  6 wights
  3 howler monkeys
  10 electric eels
  2 bullfrog zombies
  2 quasits (Abyss:1)
  51 starcursed masses
  A hound (D:7)
  6 centaur zombies
  29 orc priests
  6 iron imps
  4 gnoll shamans
  10 jellies
  2 bullfrog skeletons
  Jessica (D:2)
  2 centaur skeletons
  4 iguanas
  23 orc wizards
  5 hell rats
  A naga zombie (Crypt:3)
  2 ogre zombies (D:10)
  A dwarf skeleton (Crypt:2)
  A felid skeleton (Crypt:1)
  46 mummies
  A howler monkey zombie (D:10)
  20 gnolls
  2 howler monkey skeletons
  8 adders
  A swamp drake skeleton (Crypt:2)
  2 shadow imps
  28 white imps
  4 ufetubi
  5 dart slugs
  78 orcs
  5 ball pythons
  2 bats
  4 endoplasms
  A giant cockroach (D:3)
  5 goblins
  10 hobgoblins
  11 jackals
  38 kobolds
  2 quokkas
  4 frilled lizards
  A gnoll skeleton (Crypt:1)
  A hobgoblin skeleton (D:10)
  4 hobgoblin zombies (D:10)
  An orc skeleton (D:10)
  19 orc zombies (D:10)
  4 rats
  14 blocks of ice
  14 bushes
  85 fire vortices
  A lurking horror (Abyss:3)
  16 starspawn tentacles
4692 creatures vanquished.

Vanquished Creatures (collateral kills)
  A Tzitzimitl (Zig:8)
  An azure jelly (Zig:18)
  A caustic shrike zombie (Zig:4)
  A quicksilver ooze (Slime:5)
  A very ugly thing (Zig:8)
  A dire elephant (Zig:20)
  An entropy weaver (Zig:2)
  A lorocyproca (Zig:17)
  A spark wasp (Depths:5)
  A titan skeleton (Zig:4)
  A shining eye (Zig:18)
  An orb spider (Zig:14)
  A smoke demon (Zig:24)
  A black mamba (Zig:22)
  An eye of devastation (Zig:10)
  A merfolk (shapeshifter) (Vaults:2)
  2 slime creatures (Zig:18)
  A golden eye (Zig:18)
  A floating eye (Slime:5)
  A mummy (Zig:8)
  A ball lightning (Zig:23)
22 creatures vanquished.

Vanquished Creatures (others)
  3 Killer Klowns
  A pandemonium lord (Zig:17)
  A bone dragon (Depths:5)
  A shadow dragon (shapeshifter) (Zig:23)
  A shadow dragon (Zig:25)
  2 revenants (Zig:25)
  A fire giant (Depths:3)
  2 curse skulls (Zig:25)
  2 very ugly things (Zig:23)
  A black sun (Zig:25)
  3 eidola (Zig:25)
  A soul eater (Depths:2)
  A golden dragon zombie (Zig:23)
  A jumping spider (Spider:2)
  A large abomination (Zig:24)
  A redback (Spider:3)
  2 chaos spawn
  A floating eye (shapeshifter) (Zig:17)
  5 ball lightnings (Zig:23)
  A block of ice (Zig:23)
  8 demonic plants (Abyss:4)
  292 fire vortices
  17 foxfires
  45 fungi
  A lurking horror (Abyss:4)
  210 plants
  22 starspawn tentacles
  8 tentacles (Shoals:3)
  8 toadstools (D:8)
  9 withered plants
652 creatures vanquished.

Grand Total: 5366 creatures vanquished

Notes
Turn   | Place    | Note
-------+----------+-------------------------------------------
     0 | D:1      | Noili the Gargoyle Earth Elementalist began the quest for
                  | the Orb.
     0 | D:1      | Reached XP level 1. HP: 10/10 MP: 3/3
   268 | D:1      | Reached XP level 2. HP: 15/15 MP: 3/5
   816 | D:1      | Found Wewi's Antique Weapon Shoppe.
   830 | D:1      | Reached XP level 3. HP: 15/19 MP: 0/6
   914 | D:1      | Learned a level 3 spell: Stone Arrow
   964 | D:1      | Found a faded altar of an unknown god.
  1128 | D:2      | Found Pomalela's Distillery.
  1137 | D:2      | Bought a potion of degeneration for 13 gold pieces
  1302 | D:2      | Reached skill level 1 in Conjurations
  1353 | D:2      | Noticed Jessica
  1369 | D:2      | Killed Jessica
  1370 | D:2      | Reached XP level 4. HP: 24/24 MP: 6/8
  1673 | D:2      | Reached skill level 5 in Earth Magic
  1962 | D:3      | Reached XP level 5. HP: 25/28 MP: 7/9
  1968 | D:3      | Learned a level 5 spell: Lee's Rapid Deconstruction
  2167 | D:3      | Noticed an ogre
  2173 | D:3      | Killed an ogre
  2371 | D:3      | Noticed an ice beast
  2374 | D:3      | Killed an ice beast
  2375 | D:3      | Reached XP level 6. HP: 32/32 MP: 3/11
  2894 | D:4      | Noticed a black bear
  2901 | D:4      | Killed a black bear
  3113 | D:4      | Reached XP level 7. HP: 24/36 MP: 7/13
  4194 | D:5      | Entered Level 5 of the Dungeon
  4199 | D:5      | Found a sacrificial altar of Ru.
  4474 | D:5      | Found a staircase to the Ecumenical Temple.
  4483 | Temple   | Entered the Ecumenical Temple
  4486 | Temple   | Reached XP level 8. HP: 42/42 MP: 12/15
  4609 | Temple   | Became a worshipper of Vehumet
  4743 | D:5      | Reached skill level 1 in Armour
  4743 | D:5      | Reached skill level 5 in Spellcasting
  4805 | D:5      | Reached skill level 1 in Fighting
  4805 | D:5      | Reached skill level 1 in Maces & Flails
  4805 | D:5      | Reached skill level 1 in Evocations
  4998 | D:5      | Reached skill level 5 in Conjurations
  5172 | D:5      | Found a shadowy altar of Dithmenos.
  5601 | D:5      | Found a runed translucent door.
  5755 | D:6      | Noticed Sigmund
  5764 | D:6      | Killed Sigmund
  5823 | D:6      | Found a broken altar of Ashenzari.
  6118 | D:6      | Reached XP level 9. HP: 37/49 MP: 11/17
  6878 | D:6      | Identified the amulet "Cyschudirr" {Reflect rN+ SH+5}
  6896 | D:6      | Identified a scroll of acquirement
  6896 | D:6      | Acquired 571 gold pieces
  6902 | D:6      | Noticed Prince Ribbit
  6910 | D:6      | Killed Prince Ribbit
  7228 | D:6      | Reached * piety under Vehumet
  7228 | D:6      | Offered knowledge of Shock by Vehumet.
  7398 | D:2      | Bought a potion of heal wounds for 65 gold pieces
  7398 | D:2      | Bought a potion of might for 52 gold pieces
  7398 | D:2      | Bought a potion of heal wounds for 65 gold pieces
  7398 | D:2      | Bought a potion of heal wounds for 65 gold pieces
  7398 | D:2      | Bought a potion of haste for 130 gold pieces
  7398 | D:2      | Bought a potion of magic for 104 gold pieces
  7398 | D:2      | Bought a potion of heal wounds for 65 gold pieces
  7398 | D:2      | Bought a potion of brilliance for 52 gold pieces
  7759 | D:7      | Reached XP level 10. HP: 51/56 MP: 11/19
  8053 | D:7      | Noticed a cyclops
  8078 | D:7      | Killed a cyclops
  8311 | D:7      | Noticed Harold
  8334 | D:7      | Killed Harold
  8527 | D:7      | Reached skill level 5 in Armour
  8808 | D:7      | Offered knowledge of Poisonous Vapours by Vehumet.
  8809 | D:7      | Reached skill level 5 in Fighting
  8887 | D:7      | Reached ** piety under Vehumet
  8909 | D:7      | Reached XP level 11. HP: 47/64 MP: 5/21
  8984 | D:7      | Noticed a manticore
  8987 | D:7      | Killed a manticore
  9100 | D:7      | Noticed a two-headed ogre
  9105 | D:7      | Noticed an eight-headed hydra
  9297 | D:7      | Killed a two-headed ogre
  9298 | D:7      | Reached skill level 5 in Maces & Flails
  9457 | D:7      | Killed an eight-headed hydra
 10054 | D:8      | Noticed Psyche
 10077 | D:8      | Killed Psyche
 10129 | D:8      | Offered knowledge of Searing Ray by Vehumet.
 10144 | D:8      | Noticed a two-headed ogre
 10156 | D:8      | Killed a two-headed ogre
 10157 | D:8      | Reached skill level 5 in Evocations
 10168 | D:8      | Noticed a two-headed ogre
 10501 | D:8      | Reached *** piety under Vehumet
 10522 | D:8      | Reached skill level 5 in Dodging
 10706 | D:8      | Offered knowledge of Iskenderun's Mystic Blast by Vehumet.
 10769 | D:8      | Gained mutation: Your mind is acute. (Int +2) [potion of
                  | mutation]
 10769 | D:8      | Gained mutation: You expend magic power (3 MP) to
                  | strengthen your wands. [potion of mutation]
 10915 | D:8      | Killed a two-headed ogre
 11435 | D:9      | Found an opulent altar of Gozag.
 11441 | D:9      | Reached skill level 10 in Earth Magic
 11524 | D:9      | Noticed Joseph
 11547 | D:9      | Killed Joseph
 11861 | D:9      | Reached XP level 12. HP: 71/71 MP: 16/23
 11963 | D:9      | Reached **** piety under Vehumet
 12060 | D:9      | Offered knowledge of Iskenderun's Battlesphere by Vehumet.
 12432 | D:10     | Entered Level 10 of the Dungeon
 12599 | D:10     | Reached ***** piety under Vehumet
 12607 | D:10     | Offered knowledge of Conjure Ball Lightning by Vehumet.
 12837 | D:10     | Found a staircase to the Orcish Mines.
 13476 | D:10     | Found a shimmering blue altar of Sif Muna.
 13479 | D:10     | Found a stormy altar of Qazlal.
 13480 | D:10     | Found a glowing silver altar of Zin.
 13480 | D:10     | Found a sparkling altar of Nemelex Xobeh.
 13480 | D:10     | Found a snail-covered altar of Cheibriados.
 13480 | D:10     | Found a blossoming altar of Fedhas.
 13480 | D:10     | Found an ancient bone altar of Kikubaaqudgha.
 13481 | D:10     | Found a hazy altar of Hepliaklqana.
 13515 | D:10     | Found a hide-covered altar of Uskayaw.
 14079 | D:11     | Found a staircase to the Lair.
 14853 | D:11     | Learned a level 5 spell: Fireball
 14893 | D:12     | Noticed a boulder beetle
 14899 | D:12     | Killed a boulder beetle
 14957 | D:12     | Reached skill level 1 in Fire Magic
 15344 | D:12     | Reached XP level 13. HP: 58/78 MP: 4/25
 16614 | D:13     | Offered knowledge of Starburst by Vehumet.
 16632 | D:13     | Learned a level 6 spell: Starburst
 16698 | D:13     | Found a portal to a secret trove of treasure.
 17310 | D:13     | Reached skill level 5 in Fire Magic
 17547 | D:13     | Found a gate to the Vaults.
 17837 | D:14     | Identified the +1 rapier "Beastbane" {venom, Str+2}
 18040 | D:14     | Found a hide-covered altar of Uskayaw.
 18098 | D:14     | Gained mutation: Your large and strong wings let you fly.
                  | [Gargoyle growth]
 18098 | D:14     | Reached XP level 14. HP: 24/84 MP: 4/26
 18609 | D:14     | Reached skill level 10 in Conjurations
 18731 | D:14     | Noticed Josephine
 18742 | D:14     | Killed Josephine
 19605 | D:14     | Learned a level 6 spell: Iron Shot
 19611 | D:14     | Learned a level 5 spell: Bolt of Magma
 20065 | Orc:1    | Entered Level 1 of the Orcish Mines
 20546 | Lair:1   | Entered Level 1 of the Lair of Beasts
 21976 | Lair:2   | Found a hole to the Spider Nest.
 24459 | Lair:3   | Reached XP level 15. HP: 91/91 MP: 9/28
 24618 | Lair:3   | Noticed Gather's ghost (journeyman OpTm)
 24640 | Lair:3   | Found a runed translucent gate.
 24640 | Lair:3   | Found a runed translucent gate.
 24640 | Lair:3   | Found a runed translucent gate.
 25172 | Lair:4   | Noticed Sonja
 25407 | Lair:4   | Killed Sonja
 25850 | Lair:4   | Offered knowledge of Eringya's Noxious Bog by Vehumet.
 26343 | Lair:4   | Found a staircase to the Shoals.
 27144 | Lair:5   | Identified the +0 cloak of True Grit {Regen+ rCorr Int-5}
 27794 | Lair:6   | Entered Level 6 of the Lair of Beasts
 27807 | Lair:6   | Reached skill level 10 in Fighting
 28063 | Lair:6   | Found a staircase to the Slime Pits.
 28245 | Lair:6   | Offered knowledge of Irradiate by Vehumet.
 28248 | Lair:6   | Reached skill level 10 in Spellcasting
 29125 | Lair:6   | Identified the ring of Ohaobur {Str+6 Dex+6}
 29246 | Lair:6   | Reached XP level 16. HP: 87/98 MP: 20/30
 30066 | Orc:2    | Entered Level 2 of the Orcish Mines
 30066 | Orc:2    | Found a staircase to the Elven Halls.
 30096 | Orc:1    | Noticed Erica
 30101 | Orc:1    | Killed Erica
 30378 | Orc:2    | Offered knowledge of Freezing Cloud by Vehumet.
 30844 | Orc:2    | Noticed Nergalle
 30845 | Orc:2    | Noticed Saint Roka
 30851 | Orc:2    | Killed Nergalle
 30872 | Orc:2    | Killed Saint Roka
 30873 | Orc:2    | Reached skill level 10 in Fire Magic
 31363 | Orc:2    | Found Faosk's Antique Armour Boutique.
 31377 | Orc:2    | Found Wuaw's Book Boutique.
 31413 | Orc:2    | Found Femn's Antique Weapon Boutique.
 31430 | Orc:2    | Found Hapasy's General Store.
 31438 | Orc:2    | Bought a scroll of teleportation for 36 gold pieces
 31438 | Orc:2    | Bought a scroll of enchant armour for 90 gold pieces
 31438 | Orc:2    | Bought a potion of curing for 36 gold pieces
 31759 | Orc:2    | Bought a scroll of immolation for 42 gold pieces
 31775 | Orc:2    | Bought a runed cloak for 172 gold pieces
 31905 | D:15     | Entered Level 15 of the Dungeon
 32845 | D:15     | Found a staircase to the Depths.
 32885 | D:15     | Reached skill level 10 in Maces & Flails
 33499 | D:15     | Found Etzel's Jewellery Emporium.
 33805 | Spider:1 | Entered Level 1 of the Spider Nest
 34147 | Spider:1 | Offered knowledge of Ozocubu's Refrigeration by Vehumet.
 34943 | Spider:2 | Noticed Jorgrun
 34949 | Spider:2 | Killed Jorgrun
 35241 | Spider:2 | Noticed Arachne
 35268 | Spider:2 | Killed Arachne
 35269 | Spider:2 | Reached XP level 17. HP: 66/104 MP: 8/31
 36333 | Spider:2 | Found a runed translucent gate.
 36333 | Spider:2 | Found a runed translucent gate.
 36333 | Spider:2 | Noticed crabbyslav's ghost (adept KoEE)
 36334 | Spider:2 | Found a runed translucent gate.
 36337 | Spider:2 | Found the +9 sword of Zonguldrok {reap}
 36490 | Spider:3 | Noticed Azrael
 36952 | Spider:2 | Offered knowledge of Lehudib's Crystal Spear by Vehumet.
 37803 | Spider:3 | Killed Azrael
 38215 | Spider:4 | Entered Level 4 of the Spider Nest
 38597 | Shoals:1 | Entered Level 1 of the Shoals
 39297 | Shoals:1 | Found a transporter.
 39932 | Shoals:1 | Found Wuanohoh's General Store.
 39942 | Shoals:1 | Bought a scroll of enchant armour for 97 gold pieces
 39942 | Shoals:1 | Bought a scroll of holy word for 97 gold pieces
 40046 | Shoals:1 | Found a bloodstained altar of Trog.
 40060 | Shoals:1 | Noticed Feb132020's ghost (journeyman MfVM)
 40061 | Shoals:1 | Found a transporter.
 40199 | Shoals:1 | Reached skill level 10 in Evocations
 40849 | Shoals:2 | Identified the +9 mace "Newtbane" {drain, Drain rPois rC+++
                  | Dex+5}
 42396 | Shoals:3 | Reached XP level 18. HP: 106/112 MP: 30/33
 42618 | Shoals:3 | Reached ****** piety under Vehumet
 43632 | Shoals:3 | Identified the +3 scale mail "Ygrug" {Int+3}
 43890 | Shoals:4 | Entered Level 4 of the Shoals
 43890 | Shoals:4 | Noticed Polyphemus
 43896 | Shoals:4 | Noticed Louise
 43903 | Shoals:4 | Killed Polyphemus
 44988 | Shoals:4 | Offered knowledge of Fire Storm by Vehumet.
 44988 | Shoals:4 | Offered knowledge of Shatter by Vehumet.
 44988 | Shoals:4 | Offered knowledge of Ignition by Vehumet.
 45006 | Shoals:4 | Learned a level 8 spell: Ignition
 45453 | Shoals:4 | Cast into level 3 of the Abyss (Louise)
 45494 | Abyss:3  | Noticed a bone dragon
 45622 | Shoals:4 | Escaped the Abyss
 45652 | Shoals:4 | Killed Louise
 46089 | Shoals:4 | Identified Hanuref's Grimoire of Icy Calling
 46192 | Shoals:4 | Got a barnacled rune of Zot
 47075 | D:15     | Bought the ring of Eklegek {rElec rF++ AC+4 Str-3 SInv} for
                  | 1046 gold pieces
 47403 | Spider:4 | Noticed Agnes
 47408 | Spider:4 | Killed Agnes
 48016 | Spider:4 | Reached XP level 19. HP: 59/116 MP: 4/34
 48145 | Spider:4 | Reached skill level 1 in Axes
 48641 | Spider:4 | Reached skill level 15 in Earth Magic
 48985 | Spider:4 | Got a gossamer rune of Zot
 49111 | Spider:4 | Noticed Bai Suzhen
 49125 | Spider:4 | Killed Bai Suzhen
 49126 | Spider:4 | Reached skill level 10 in Dodging
 49534 | Vaults:1 | Entered Level 1 of the Vaults
 53051 | Vaults:2 | Reached XP level 20. HP: 107/124 MP: 16/36
 54061 | Vaults:2 | Reached skill level 15 in Fire Magic
 54504 | Vaults:2 | Identified the +5 leather armour "Maent" {+Blink rElec
                  | rPois Int-5}
 54648 | Vaults:2 | Noticed Boris
 54648 | Vaults:2 | Noticed Xtahua
 54648 | Vaults:2 | Identified the +10 scimitar "Qimul" {protect, rN+ Str+2
                  | Dex-4}
 54659 | Vaults:2 | Killed Xtahua
 54667 | Vaults:2 | Killed Boris
 55075 | Vaults:2 | Found a runed translucent gate.
 55076 | Vaults:2 | Found a runed translucent gate.
 55077 | Vaults:2 | Found a runed translucent gate.
 55079 | Vaults:2 | Found an opulent altar of Gozag.
 55081 | Vaults:2 | Noticed TheWayOfAllFlesh's ghost (adept DsGl)
 55083 | Vaults:2 | Found Hiussoo's Assorted Antiques.
 56627 | Vaults:3 | Paralysed by a vampire knight for 4 turns
 56881 | Vaults:3 | Noticed Boris
 57162 | Vaults:3 | Found Loarit's Magic Scroll Shoppe.
 57174 | Vaults:3 | Bought a scroll of fog for 46 gold pieces
 57398 | Vaults:3 | Found a staircase to the Crypt.
 57840 | Vaults:3 | Killed Boris
 58334 | Vaults:3 | Reached XP level 21. HP: 131/131 MP: 37/37
 58898 | Elf:1    | Entered Level 1 of the Elven Halls
 59009 | Elf:1    | Noticed Aizul
 59021 | Elf:1    | Killed Aizul
 59100 | Elf:1    | Found a runed translucent gate.
 59100 | Elf:1    | Found a runed translucent gate.
 59100 | Elf:1    | Found a runed translucent gate.
 59100 | Elf:1    | Found a runed translucent gate.
 59100 | Elf:1    | Found a runed translucent gate.
 59101 | Elf:1    | Found a runed translucent gate.
 59388 | Elf:1    | Paralysed by a great orb of eyes for 3 turns
 59549 | Elf:1    | Learned a level 9 spell: Shatter
 61623 | Elf:2    | Found a runed translucent gate.
 61624 | Elf:2    | Found a runed translucent gate.
 61625 | Elf:2    | Noticed celly00's ghost (adept DjVM)
 61631 | Elf:2    | Found a runed translucent gate.
 61706 | Elf:2    | Killed celly00's ghost
 61718 | Elf:2    | Acquired a +1 eveningstar of venom
 62130 | Vaults:3 | Bought a scroll of enchant weapon for 172 gold pieces
 62130 | Vaults:3 | Bought a scroll of enchant weapon for 172 gold pieces
 62561 | Elf:2    | Found a huge runed translucent gate.
 62561 | Elf:2    | Found a huge runed translucent gate.
 62561 | Elf:2    | Found a huge runed translucent gate.
 62561 | Elf:2    | Found a huge runed translucent gate.
 62561 | Elf:2    | Found a huge runed translucent gate.
 62803 | Elf:3    | Entered Level 3 of the Elven Halls
 63733 | Elf:3    | Reached XP level 22. HP: 138/138 MP: 33/39
 63750 | Elf:3    | Reached skill level 15 in Conjurations
 63769 | Elf:3    | Identified the +9 great mace "Qoiseawy" {freeze, rC+ rN+
                  | Will+}
 63769 | Elf:3    | Identified the +0 robe of Oheotsyr {rCorr Dex+2}
 63901 | Elf:3    | Identified the ring of Xaoddain {rPois Str-5 Slay+5 SInv
                  | Stlth+}
 64625 | Elf:3    | Identified the +0 robe of Time Monsters {Harm rF+++ Dex+4
                  | Slay-4}
 64837 | Elf:3    | Identified Sif Muna's Papyrus of Mutagenic Fire
 65697 | Vaults:4 | Noticed Jory
 65711 | Vaults:4 | Killed Jory
 65860 | Vaults:4 | Reached skill level 15 in Fighting
 66435 | Vaults:4 | Found Hawaack's Book Boutique.
 66758 | Vaults:4 | Reached XP level 23. HP: 144/144 MP: 32/40
 67122 | Vaults:4 | Learned a level 9 spell: Fire Storm
 67620 | Vaults:4 | Found a runed translucent door.
 67621 | Vaults:4 | Noticed celly00's ghost (adept DESu)
 67673 | Vaults:4 | Killed celly00's ghost
 68197 | Vaults:5 | Entered Level 5 of the Vaults
 68215 | Vaults:5 | Noticed a dread lich
 68218 | Vaults:5 | Killed a dread lich
 68219 | Vaults:5 | Reached XP level 24. HP: 73/154 MP: 41/41
 68225 | Vaults:5 | Noticed a dread lich
 68495 | Vaults:5 | Killed a dread lich
 68496 | Vaults:5 | Identified the +6 dagger of Pestilence {freeze, Dex+5}
 68522 | Vaults:5 | Gained mutation: You are occasionally teleported next to
                  | monsters. [mutagenic glow]
 68545 | Vaults:5 | Lost mutation: You are occasionally teleported next to
                  | monsters. [potion of mutation]
 68545 | Vaults:5 | Lost mutation: You expend magic power (3 MP) to strengthen
                  | your wands. [potion of mutation]
 68545 | Vaults:5 | Lost mutation: Your mind is acute. (Int +2) [potion of
                  | mutation]
 68545 | Vaults:5 | Gained mutation: You are agile. (Dex +2) [potion of
                  | mutation]
 68545 | Vaults:5 | Gained mutation: Your mind is acute. (Int +2) [potion of
                  | mutation]
 68545 | Vaults:5 | Gained mutation: You have a pair of small horns on your
                  | head. [potion of mutation]
 68546 | Vaults:5 | Lost mutation: You are agile. (Dex +2) [potion of mutation]
 68546 | Vaults:5 | Lost mutation: You have a pair of small horns on your head.
                  | [potion of mutation]
 68546 | Vaults:5 | Lost mutation: Your mind is acute. (Int +2) [potion of
                  | mutation]
 68546 | Vaults:5 | Gained mutation: You possess an exceptional clarity of
                  | mind. [potion of mutation]
 68546 | Vaults:5 | Gained mutation: Your magical capacity is low. (-10% MP)
                  | [potion of mutation]
 68546 | Vaults:5 | Gained mutation: You have sharp toenails. [potion of
                  | mutation]
 68546 | Vaults:5 | Gained mutation: You evolve. [potion of mutation]
 69282 | Vaults:5 | Found the ring of the Tortoise {AC+8}
 69284 | Vaults:5 | Identified the +7 morningstar of the Iron City of Dis
                  | {venom, rElec rPois}
 69297 | Vaults:5 | Identified the +1 rapier "Ipso" {pain, *Slow Int+4}
 69480 | Vaults:5 | Got a silver rune of Zot
 69624 | Vaults:5 | Identified the +1 leather armour "Efunar" {Dex+6 SInv}
 69634 | Vaults:5 | Identified the +1 ring mail of Responsibility {rCorr Str+3
                  | Dex+4 Stlth+}
 70020 | Depths:1 | Entered Level 1 of the Depths
 70256 | Depths:1 | Found a white marble altar of Elyvilon.
 70355 | D:15     | Gained mutation: You are partially covered in iridescent
                  | scales. (AC +2) [evolution]
 70645 | Depths:1 | Found a gateway to Hell.
 70799 | Depths:1 | Found a one-way gate leading to the halls of Pandemonium.
 70985 | Depths:1 | Reached XP level 25. HP: 161/161 MP: 30/37
 71101 | Depths:1 | Found Cuataqur's Jewellery Shop.
 71101 | Depths:1 | Found Qoezue Yvij's Book Emporium.
 71102 | Depths:1 | Found Baot's Jewellery Shop.
 71120 | Depths:1 | Bought a Necronomicon for 2318 gold pieces
 71129 | Depths:1 | Learned a level 8 spell: Necromutation
 71192 | Depths:1 | Found a corrupted altar of Lugonu.
 71199 | Depths:1 | Identified Lugonu's Collected Works on Attacks
 71578 | Crypt:1  | Entered Level 1 of the Crypt
 71591 | Crypt:1  | Noticed Boris
 71598 | Crypt:1  | Killed Boris
 71599 | Crypt:1  | Reached skill level 1 in Transmutations
 71735 | Crypt:1  | Reached skill level 1 in Necromancy
 71760 | Crypt:1  | Noticed Khufu
 71768 | Crypt:1  | Noticed a royal mummy
 71769 | Crypt:1  | Killed Khufu
 72156 | Crypt:1  | Killed a royal mummy
 72866 | Crypt:1  | Found a runed translucent door.
 72868 | Crypt:1  | Noticed Utoppaes's ghost (veteran GrFi)
 72868 | Crypt:1  | Found a shimmering altar of Xom.
 73701 | Crypt:1  | Identified the ring of Yjenla {rElec rPois rN+ Will- Dex+3}
 73705 | Crypt:1  | Acquired 1135 gold pieces
 73733 | Crypt:1  | Gained mutation: You are frail. (-10% HP) [mutagenic glow]
 73755 | Crypt:1  | Killed Utoppaes's ghost
 73768 | Crypt:1  | Gained mutation: Your body sometimes deteriorates upon
                  | taking damage. [mutagenic glow]
 73989 | Crypt:1  | Lost mutation: Your body sometimes deteriorates upon taking
                  | damage. [potion of mutation]
 73989 | Crypt:1  | Gained mutation: Your flesh is heat resistant. (rF+)
                  | [potion of mutation]
 73989 | Crypt:1  | Gained mutation: You are mostly covered in iridescent
                  | scales. (AC +4) [potion of mutation]
 73989 | Crypt:1  | Gained mutation: You have a somewhat thin skeletal
                  | structure. (Dex +2, Stealth+) [potion of mutation]
 73989 | Crypt:1  | Gained mutation: Your skin changes colour to match your
                  | surroundings (Stealth+). [potion of mutation]
 73990 | Crypt:1  | Lost mutation: You possess an exceptional clarity of mind.
                  | [potion of mutation]
 73990 | Crypt:1  | Lost mutation: Your magical capacity is low. (-10% MP)
                  | [potion of mutation]
 73990 | Crypt:1  | Lost mutation: You evolve. [potion of mutation]
 73990 | Crypt:1  | Lost mutation: You are mostly covered in iridescent scales.
                  | (AC +4) [potion of mutation]
 73990 | Crypt:1  | Gained mutation: You are agile. (Dex +2) [potion of
                  | mutation]
 73990 | Crypt:1  | Gained mutation: You possess an exceptional clarity of
                  | mind. [potion of mutation]
 73990 | Crypt:1  | Gained mutation: You are mostly covered in iridescent
                  | scales. (AC +4) [potion of mutation]
 74209 | Crypt:2  | Found a magical portal.
 74218 | WizLab   | Entered Iskenderun's Mystic Tower
 74407 | WizLab   | Upgraded the game from 0.27-a0-1122-g2a214b436d to
                  | 0.27-a0-1135-g81dfa19a63
 75987 | WizLab   | Identified Iskenderun's Compendium of Arcane Weapons
 75987 | WizLab   | Identified Iskenderun's Almanac of Confrontation
 76129 | WizLab   | Found the +6 lightning scales {swift rElec}
 76498 | Crypt:2  | Reached skill level 15 in Spellcasting
 76514 | Crypt:2  | Identified the +2 spear of Invincibility {speed, rElec rC+
                  | Int-4 SInv}
 76585 | Crypt:2  | Reached skill level 15 in Maces & Flails
 77449 | Crypt:3  | Entered Level 3 of the Crypt
 77480 | Crypt:3  | Reached XP level 26. HP: 142/152 MP: 42/42
 77822 | Crypt:3  | Identified the +7 great mace of Nisk {venom, Fragile +Rage
                  | rF++}
 78237 | Crypt:3  | Found a staircase to the Tomb.
 78591 | Crypt:3  | Identified the +11 short sword "Ihock" {drain, Contam rN+
                  | Str+3}
 78594 | Crypt:3  | Identified the ring "Doateh" {rN+ Str+4}
 78594 | Crypt:3  | Identified the ring "Veddo" {rN+ Int+4}
 78646 | Crypt:3  | Found a basalt altar of Yredelemnul.
 79112 | Crypt:3  | Identified the +8 chain mail of True Grit {Dex+6}
 79112 | Crypt:3  | Identified the ring "Hopnisow" {rCorr Dex+4 Stlth+}
 79415 | Crypt:3  | Identified the Catalogue of Sinister Rituals
 79422 | Crypt:3  | Identified the +9 dagger "Beetlebane" {vorpal, rN+}
 81054 | Depths:2 | Reached skill level 5 in Necromancy
 81073 | Depths:2 | Reached skill level 5 in Transmutations
 81769 | Depths:2 | Noticed Nikola
 81783 | Depths:2 | Killed Nikola
 82086 | Depths:2 | Paralysed by a great orb of eyes for 6 turns
 82338 | Depths:2 | Reached XP level 27. HP: 99/158 MP: 9/42
 84005 | Depths:3 | Noticed Mennas
 84009 | Depths:3 | Killed Mennas
 84159 | Depths:3 | Found Casahab's General Store.
 84161 | Depths:3 | Found Paez's Book Shoppe.
 84163 | Depths:3 | Found Lienlul's Assorted Antiques.
 84171 | Depths:3 | Bought a scroll of summoning for 427 gold pieces
 84171 | Depths:3 | Bought a scroll of magic mapping for 157 gold pieces
 84224 | Depths:3 | Noticed a juggernaut
 84229 | Depths:3 | Killed a juggernaut
 85061 | Depths:3 | Identified the +7 demon blade "Nuug" {pain, rPois Str-2
                  | Int+9 Stlth-}
 85275 | Depths:3 | Noticed Boris
 85282 | Depths:3 | Killed Boris
 85769 | Depths:3 | Found a gateway to a ziggurat.
 86249 | Depths:4 | Paralysed by a floating eye for 4 turns
 86537 | Depths:4 | Found a one-way gate to the infinite horrors of the Abyss.
 86644 | Depths:4 | You are sucked into a shaft and drop 1 floor!
 86644 | Depths:5 | Entered Level 5 of the Depths
 86859 | Depths:4 | Found a sparkling altar of Nemelex Xobeh.
 87155 | Depths:4 | Found a runed translucent door.
 87274 | Depths:4 | Found a runed translucent door.
 87274 | Depths:4 | Noticed a dread lich
 87283 | Depths:4 | Killed a dread lich
 87446 | Depths:5 | Paralysed by a great orb of eyes for 5 turns
 87856 | Depths:5 | Found a glowing golden altar of the Shining One.
 88373 | Depths:5 | Found a gate to the Realm of Zot.
 88741 | Depths:5 | Found a corrupted altar of Lugonu.
 88746 | Depths:5 | Reached skill level 15 in Dodging
 89672 | Slime:1  | Entered Level 1 of the Pits of Slime
 90520 | Slime:5  | Entered Level 5 of the Pits of Slime
 90717 | Slime:5  | Noticed the Royal Jelly
 90723 | Slime:5  | Killed the Royal Jelly
 90992 | Slime:5  | Found the +6 Majin-Bo {vamp, MP+6 Int+6}
 91039 | Slime:5  | Got a slimy rune of Zot
 91078 | Slime:5  | Identified Sif Muna's Almanac of Circular Logic
 91112 | Slime:5  | Identified the +8 hand crossbow "Ysir" {speed, rElec rF-
                  | Int+3 Stlth+}
 91116 | Slime:5  | Identified the +0 ring mail of the Game Afoot {Harm rC-
                  | Dex+6}
 91537 | Depths:4 | Voluntarily entered the Abyss.
 91958 | Abyss:2  | Found a burning altar of Makhleb.
 92128 | Abyss:3  | Gained mutation: You occasionally shout uncontrollably at
                  | your foes. [a neqoxec]
 92134 | Abyss:3  | Gained mutation: Your magical capacity is low. (-10% MP) [a
                  | neqoxec]
 92201 | Abyss:3  | Reached skill level 10 in Necromancy
 92371 | Abyss:4  | Found a corrupted altar of Lugonu.
 92400 | Abyss:4  | Gained mutation: You are dopey. (Int -2) [a neqoxec]
 92401 | Abyss:4  | Gained mutation: You sometimes lose the ability to read
                  | scrolls when taking damage. [a neqoxec]
 92413 | Depths:4 | Escaped the Abyss
 92521 | Depths:4 | Voluntarily entered the Abyss.
 92606 | Abyss:1  | Gained mutation: You are very frail. (-20% HP) [a
                  | cacodemon]
 92667 | Depths:4 | Escaped the Abyss
 92962 | Depths:4 | Voluntarily entered the Abyss.
 92972 | Abyss:1  | Found a shadowy altar of Dithmenos.
 93229 | Depths:4 | Escaped the Abyss
 93373 | Depths:4 | Voluntarily entered the Abyss.
 93502 | Abyss:1  | Gained mutation: Your spells are a little easier to cast,
                  | but a little less powerful. [a neqoxec]
 93509 | Abyss:1  | Gained mutation: Your body sometimes deteriorates upon
                  | taking damage. [a neqoxec]
 93690 | Abyss:3  | Found a corrupted altar of Lugonu.
 93700 | Abyss:3  | Got an abyssal rune of Zot
 93710 | Depths:4 | Escaped the Abyss
 93711 | Depths:4 | Lost mutation: You are very frail. (-20% HP) [potion of
                  | mutation]
 93711 | Depths:4 | Lost mutation: You are dopey. (Int -2) [potion of mutation]
 93711 | Depths:4 | Lost mutation: You possess an exceptional clarity of mind.
                  | [potion of mutation]
 93711 | Depths:4 | Gained mutation: You are completely covered in iridescent
                  | scales. (AC +6) [potion of mutation]
 93712 | Depths:4 | Lost mutation: You are frail. (-10% HP) [potion of
                  | mutation]
 93712 | Depths:4 | Lost mutation: Your body sometimes deteriorates upon taking
                  | damage. [potion of mutation]
 93712 | Depths:4 | Lost mutation: You occasionally shout uncontrollably at
                  | your foes. [potion of mutation]
 93712 | Depths:4 | Gained mutation: You have sharp fingernails. [potion of
                  | mutation]
 93713 | Depths:4 | Lost mutation: You sometimes lose the ability to read
                  | scrolls when taking damage. [potion of mutation]
 93713 | Depths:4 | Lost mutation: Your spells are a little easier to cast, but
                  | a little less powerful. [potion of mutation]
 93713 | Depths:4 | Lost mutation: Your magical capacity is low. (-10% MP)
                  | [potion of mutation]
 93889 | Zig:1    | Entered Level 1 of a ziggurat
 93918 | Zig:2    | Entered Level 2 of a ziggurat
 94018 | Zig:3    | Entered Level 3 of a ziggurat
 94037 | Zig:3    | Acquired a +0 executioner's axe of electrocution
 94056 | Zig:4    | Entered Level 4 of a ziggurat
 94082 | Zig:5    | Entered Level 5 of a ziggurat
 94196 | Zig:5    | Identified the +8 chain mail "Isoawkod" {Int-3 Dex+3 SInv
                  | Stlth+}
 94203 | Zig:6    | Entered Level 6 of a ziggurat
 94226 | Zig:6    | Identified the +1 robe of Zetergh {-Cast rF+++ Str+5 Dex-3}
 94237 | Zig:7    | Entered Level 7 of a ziggurat
 94240 | Zig:7    | Noticed an ancient lich
 94245 | Zig:7    | Killed an ancient lich
 94270 | Zig:8    | Entered Level 8 of a ziggurat
 94275 | Zig:8    | Noticed a royal mummy
 94275 | Zig:8    | Noticed a royal mummy
 94276 | Zig:8    | Noticed a royal mummy
 94279 | Zig:8    | Killed a royal mummy
 94279 | Zig:8    | Killed a royal mummy
 94279 | Zig:8    | Killed a royal mummy
 94623 | Zig:8    | Identified the Tome of Entrancing Earth
 94652 | Zig:9    | Entered Level 9 of a ziggurat
 94660 | Zig:9    | Found the +6 arbalest "Damnation" {damnation}
 95056 | Zig:10   | Entered Level 10 of a ziggurat
 95152 | Zig:10   | Identified the amulet "Hishreux" {Reflect rCorr SH+5}
 95157 | Zig:10   | Identified the +1 dagger of Moderation {vorpal, +Blink
                  | Str-3 Int+6}
 95170 | Zig:11   | Entered Level 11 of a ziggurat
 95179 | Zig:11   | Noticed an ancient lich
 95182 | Zig:11   | Killed an ancient lich
 95220 | Zig:12   | Entered Level 12 of a ziggurat
 95226 | Zig:12   | Noticed Ontottaergh the pandemonium lord
 95243 | Zig:12   | Killed Ontottaergh the pandemonium lord
 95629 | Zig:12   | Identified the +0 chain mail of Xorisigise {Harm Fly Str+6
                  | Stlth+}
 95636 | Zig:12   | Identified the Papyrus of the Warped Escort
 95658 | Zig:13   | Entered Level 13 of a ziggurat
 95669 | Zig:13   | Noticed a royal mummy
 95669 | Zig:13   | Noticed a royal mummy
 95669 | Zig:13   | Noticed a royal mummy
 95670 | Zig:13   | Noticed a royal mummy
 95673 | Zig:13   | Killed a royal mummy
 95674 | Zig:13   | Killed a royal mummy
 95675 | Zig:13   | Killed a royal mummy
 95675 | Zig:13   | Killed a royal mummy
 96116 | Zig:14   | Entered Level 14 of a ziggurat
 96137 | Zig:14   | Found the +9 staff of Wucad Mu {*channel}
 96193 | Zig:15   | Entered Level 15 of a ziggurat
 96212 | Zig:15   | Found the +13 scythe of Curses {drain, Drain}
 96212 | Zig:15   | Found the ring of the Octopus King
 96366 | Zig:15   | Identified a ring of the Octopus King {rCorr AC+1 EV+1
                  | Str+1 Int+1 Dex+1}
 96370 | Zig:15   | Identified the ring "Gihitesh" {+Blink rF- rC+ rN+ Int+6}
 96372 | Zig:15   | Identified the ring of Reimbursement {+Blink rF- Will++
                  | Dex+6}
 96387 | Zig:16   | Entered Level 16 of a ziggurat
 96412 | Zig:16   | Found the +8 storm bow {elec, penet}
 96441 | Zig:16   | Identified the Tome of the Aerial Entourage
 96453 | Zig:16   | Identified the ring "Usaithres" {Contam Fly MP+9 Dex+3}
 96461 | Zig:16   | Identified Carissoi's Volume of Poisonous Shape Shifting
 96463 | Zig:16   | Identified Xalufank's Handbook of the Evil Frostbite
 96474 | Zig:16   | Acquired 710 gold pieces
 96489 | Zig:17   | Entered Level 17 of a ziggurat
 96537 | Zig:17   | Identified the Guide on Attacks
 96555 | Zig:18   | Entered Level 18 of a ziggurat
 96568 | Zig:18   | Gained mutation: Your spells are a little easier to cast,
                  | but a little less powerful. [a shining eye]
 96569 | Zig:18   | Gained mutation: You are occasionally teleported next to
                  | monsters. [a shining eye]
 96996 | Zig:18   | Lost mutation: You are occasionally teleported next to
                  | monsters. [potion of mutation]
 96996 | Zig:18   | Lost mutation: You have sharp fingernails. [potion of
                  | mutation]
 96996 | Zig:18   | Lost mutation: You are completely covered in iridescent
                  | scales. (AC +6) [potion of mutation]
 96996 | Zig:18   | Lost mutation: Your flesh is heat resistant. (rF+) [potion
                  | of mutation]
 96996 | Zig:18   | Gained mutation: You are frail. (-10% HP) [potion of
                  | mutation]
 96996 | Zig:18   | Gained mutation: You are occasionally teleported next to
                  | monsters. [potion of mutation]
 96996 | Zig:18   | Gained mutation: You expend magic power (3 MP) to
                  | strengthen your wands. [potion of mutation]
 96997 | Zig:18   | Lost mutation: You are frail. (-10% HP) [potion of
                  | mutation]
 96997 | Zig:18   | Lost mutation: You expend magic power (3 MP) to strengthen
                  | your wands. [potion of mutation]
 96997 | Zig:18   | Lost mutation: You are mostly covered in iridescent scales.
                  | (AC +4) [potion of mutation]
 96997 | Zig:18   | Gained mutation: You are sometimes teleported next to
                  | monsters. [potion of mutation]
 96997 | Zig:18   | Gained mutation: Your natural rate of healing is unusually
                  | fast. [potion of mutation]
 96997 | Zig:18   | Gained mutation: You have a beak for a mouth. [potion of
                  | mutation]
 96998 | Zig:18   | Lost mutation: You are sometimes teleported next to
                  | monsters. [potion of mutation]
 96998 | Zig:18   | Lost mutation: You are partially covered in iridescent
                  | scales. (AC +2) [potion of mutation]
 96998 | Zig:18   | Lost mutation: You have a somewhat thin skeletal structure.
                  | (Dex +2, Stealth+) [potion of mutation]
 96998 | Zig:18   | Gained mutation: Your spells are easier to cast, but less
                  | powerful. [potion of mutation]
 96999 | Zig:18   | Lost mutation: Your natural rate of healing is unusually
                  | fast. [potion of mutation]
 96999 | Zig:18   | Lost mutation: You are agile. (Dex +2) [potion of mutation]
 96999 | Zig:18   | Lost mutation: You have a beak for a mouth. [potion of
                  | mutation]
 96999 | Zig:18   | Gained mutation: Your magical capacity is low. (-10% MP)
                  | [potion of mutation]
 96999 | Zig:18   | Gained mutation: Your body sometimes deteriorates upon
                  | taking damage. [potion of mutation]
 97000 | Zig:18   | Lost mutation: You are occasionally teleported next to
                  | monsters. [potion of mutation]
 97000 | Zig:18   | Lost mutation: Your body sometimes deteriorates upon taking
                  | damage. [potion of mutation]
 97000 | Zig:18   | Lost mutation: Your magical capacity is low. (-10% MP)
                  | [potion of mutation]
 97000 | Zig:18   | Gained mutation: Your body sometimes deteriorates upon
                  | taking damage. [potion of mutation]
 97000 | Zig:18   | Gained mutation: Your natural rate of healing is unusually
                  | fast. [potion of mutation]
 97000 | Zig:18   | Gained mutation: You are partially covered in iridescent
                  | scales. (AC +2) [potion of mutation]
 97006 | Zig:18   | Identified the ring "Intileog" {+Blink rN+ Will+ Str+2}
 97009 | Zig:18   | Identified the +7 hand axe of the Last Mouths {antimagic,
                  | Will+}
 97014 | Zig:18   | Identified the amulet "Yxegrasch" {Faith *Slow Will++ Str+2
                  | Stlth+}
 97034 | Zig:19   | Entered Level 19 of a ziggurat
 97040 | Zig:19   | Noticed Cygay's ghost (legendary GrEE)
 97040 | Zig:19   | Noticed Gishoal's ghost (legendary KoBr)
 97041 | Zig:19   | Noticed Sobuoh's ghost (legendary GrEE)
 97041 | Zig:19   | Noticed Poybuibi's ghost (veteran MiMo)
 97041 | Zig:19   | Noticed Poybuibi's ghost (veteran MiMo)
 97041 | Zig:19   | Noticed coier1's ghost (legendary GnWn)
 97043 | Zig:19   | Noticed celly00's ghost (legendary DjIE)
 97044 | Zig:19   | Noticed Lakar's ghost (legendary GrEE)
 97048 | Zig:20   | Entered Level 20 of a ziggurat
 97334 | Zig:20   | Reached skill level 15 in Necromancy
 97383 | Zig:20   | Identified the Guide on Confrontation and Companions
 97405 | Zig:20   | Lost mutation: Your spells are easier to cast, but less
                  | powerful. [potion of mutation]
 97405 | Zig:20   | Lost mutation: You are partially covered in iridescent
                  | scales. (AC +2) [potion of mutation]
 97405 | Zig:20   | Gained mutation: Your magical capacity is low. (-10% MP)
                  | [potion of mutation]
 97407 | Zig:21   | Entered Level 21 of a ziggurat
 97419 | Zig:21   | Noticed a royal mummy
 97421 | Zig:21   | Noticed a royal mummy
 97422 | Zig:21   | Noticed a royal mummy
 97422 | Zig:21   | Noticed a royal mummy
 97423 | Zig:21   | Noticed a royal mummy
 97424 | Zig:21   | Killed a royal mummy
 97424 | Zig:21   | Killed a royal mummy
 97424 | Zig:21   | Noticed a royal mummy
 97425 | Zig:21   | Killed a royal mummy
 97426 | Zig:21   | Killed a royal mummy
 97427 | Zig:21   | Noticed a royal mummy
 97428 | Zig:21   | Killed a royal mummy
 97428 | Zig:21   | Killed a royal mummy
 97428 | Zig:21   | Noticed a royal mummy
 97428 | Zig:21   | Noticed a royal mummy
 97429 | Zig:21   | Noticed a royal mummy
 97432 | Zig:21   | Killed a royal mummy
 97433 | Zig:21   | Killed a royal mummy
 97435 | Zig:21   | Killed a royal mummy
 97435 | Zig:21   | Killed a royal mummy
 97456 | Zig:21   | Gained mutation: You passively map a small area around you.
                  | [mutagenic glow]
 97518 | Zig:21   | Identified the ring of Yraprown {rF- rC+ rN++ SInv}
 97530 | Zig:21   | Identified the +11 scimitar "Eratepy" {drain, Str+2}
 97534 | Zig:21   | Lost mutation: Your body sometimes deteriorates upon taking
                  | damage. [potion of mutation]
 97534 | Zig:21   | Lost mutation: Your magical capacity is low. (-10% MP)
                  | [potion of mutation]
 97534 | Zig:21   | Lost mutation: You have sharp toenails. [potion of
                  | mutation]
 97534 | Zig:21   | Lost mutation: Your spells are a little easier to cast, but
                  | a little less powerful. [potion of mutation]
 97534 | Zig:21   | Gained mutation: You are partially covered in iridescent
                  | scales. (AC +2) [potion of mutation]
 97545 | Zig:22   | Entered Level 22 of a ziggurat
 97673 | Zig:22   | Found the +10 morningstar "Eos" {elec, Halo rElec}
 97706 | Zig:22   | Identified the +1 leather armour of Meffaan {rPois Dex+2}
 97714 | Zig:22   | Identified the +11 flail of Xurionun {freeze, rPois rF+
                  | Int+3}
 97731 | Zig:22   | Identified the +0 chain mail of the Moon {rElec rPois}
 97733 | Zig:22   | Identified the +6 war axe of Equilibrium {pain, rN+ Will+}
 97736 | Zig:23   | Entered Level 23 of a ziggurat
 97769 | Zig:23   | Found the necklace of Bloodlust {*Rage +Rage Will++ Int-3
                  | Slay+6}
 97793 | Zig:23   | Identified the +9 short sword of Temperance {vorpal, rElec
                  | rPois}
 97796 | Zig:23   | Identified the +0 chain mail of the Furrier {Int+2}
 97802 | Zig:24   | Entered Level 24 of a ziggurat
 97848 | Zig:24   | Found the +9 heavy crossbow "Sniper" {vorpal, Acc+∞ SInv}
 97867 | Zig:24   | Learned a level 9 spell: Death's Door
 97868 | Zig:24   | Identified the ring "Xoiri" {rC+++ rN+++ rCorr Int-5 Dex-5}
 97888 | Zig:24   | Identified the +2 dire flail of the Thing {vorpal, rF-
                  | Str+5 Dex+4}
 97918 | Zig:25   | Entered Level 25 of a ziggurat
 97926 | Zig:25   | Noticed Umoqal's ghost (legendary DEEE)
 97927 | Zig:25   | Noticed Ereufydu's ghost (legendary VSGl)
 97928 | Zig:25   | Noticed Zomar's ghost (legendary DsWn)
 97928 | Zig:25   | Noticed Zorhyraw's ghost (legendary GrEE)
 97928 | Zig:25   | Noticed Saonuxt's ghost (legendary DsFi)
 97929 | Zig:25   | Noticed Wougrad's ghost (legendary GrEE)
 97929 | Zig:25   | Noticed Ihoic's ghost (legendary SpEn)
 97930 | Zig:25   | Noticed Ygonacw's ghost (legendary GrEE)
 97930 | Zig:25   | Noticed Xiorchab's ghost (legendary VSFi)
 97931 | Zig:25   | Noticed Rotwopom's ghost (legendary NaVM)
 97931 | Zig:25   | Noticed Rotwopom's ghost (legendary NaVM)
 97932 | Zig:25   | Noticed Cygay's ghost (legendary GrEE)
 97932 | Zig:25   | Noticed Xiorchab's ghost (legendary VSFi)
 97932 | Zig:25   | Noticed Ihoic's ghost (legendary SpEn)
 97933 | Zig:25   | Found the +3 hat of Pondering {ponderous, Will+ MP+10
                  | Int+5}
 97937 | Zig:26   | Entered Level 26 of a ziggurat
 98070 | Zig:26   | Identified the +0 halberd of Emad {vorpal, rF+ rC++ Dex-4}
 98080 | Zig:26   | Identified the +1 robe of Tenacity {Rampage Int+4}
 98081 | Zig:26   | Identified the +9 quarterstaff of Disembowelment {vorpal,
                  | rC+ Str+4}
 98085 | Zig:26   | Identified the +4 long sword of Beyond {distort, rPois
                  | Stlth+}
 98096 | Zig:26   | Identified the amulet "Coloashics" {Faith rPois}
 98111 | Zig:26   | Identified Sif Muna's Handbook of Glacial Flames
 98118 | Zig:27   | Entered Level 27 of a ziggurat
 98168 | Zig:27   | Found the +2 shield of Resistance {rF++ rC++ Will++}
 98179 | Zig:27   | Identified the Papyrus of Shifting Companions
 98182 | Zig:27   | Identified the +6 glaive "Beetle's Regret" {vamp, Will++}
 98190 | Zig:27   | Identified the -3 cloak of Hopscotch {Harm rPois Will-
                  | SInv}
 98191 | Zig:27   | Identified the +1 dire flail of Law {flame, rElec rF- Int+3
                  | Dex+4}
 98200 | Zig:27   | Identified the +4 short sword of Haxirph {drain, rC+ Str+4
                  | Int+2}
 98201 | Zig:27   | Identified the +4 trident of the Coward {vorpal, rN+}
 98213 | Zig:27   | Identified the +1 cloak of Torocophesh {Dex+5}
 98226 | Zig:27   | Identified the ring of the Gastropod {rC+ rN+ MP+9 Dex-5}
 98229 | Zig:27   | Identified the +1 robe of Evolution {*Slow rC++ rCorr
                  | Str+3}
 98232 | Zig:27   | Identified the +1 scimitar of Hottogu {freeze, rF++ Will+
                  | Dex-2 Stlth+}
 98234 | Zig:27   | Identified the +7 hand axe of Karma {venom, Str+4}
 98402 | Zig:1    | Entered Level 1 of a ziggurat
 98529 | Zig:1    | Learned a level 9 spell: Absolute Zero
 98539 | Zig:1    | Learned a level 8 spell: Lehudib's Crystal Spear
 98541 | Zig:2    | Entered Level 2 of a ziggurat
 98570 | Zig:3    | Entered Level 3 of a ziggurat
 98573 | Zig:3    | Reached skill level 1 in Ice Magic
 98740 | Zig:4    | Entered Level 4 of a ziggurat
 98773 | Zig:5    | Entered Level 5 of a ziggurat
 98902 | Zig:5    | Identified the amulet of Inumuimyl {Faith Harm}
 98913 | Zig:5    | Identified the Incunabulum of Orientation and
                  | Weightlessness
 98921 | Zig:6    | Entered Level 6 of a ziggurat
 99038 | Zig:7    | Entered Level 7 of a ziggurat
 99071 | Zig:8    | Entered Level 8 of a ziggurat
 99080 | Zig:8    | Found the +8 trident of the Octopus King {venom, rElec
                  | rPois Will+}
 99081 | Zig:8    | Reached skill level 5 in Ice Magic
 99090 | Zig:8    | Identified the +7 shortbow "Waunoq" {flame, rPois Str+4
                  | Int+3}
 99100 | Zig:8    | Identified the amulet "Suoff" {Reflect rPois Str+2 Dex-4
                  | SH+5 Stlth+}
 99125 | Zig:9    | Entered Level 9 of a ziggurat
 99133 | Zig:9    | Reached skill level 27 in Fighting
 99212 | Zig:9    | Identified the ring "Takh" {rCorr Str+2 Dex+2}
 99233 | Zig:10   | Entered Level 10 of a ziggurat
 99359 | Zig:10   | Identified the +9 spear of Gewefyaw {drain, *Rage Will+
                  | Int+5 Dex+4}
 99380 | Zig:11   | Entered Level 11 of a ziggurat
 99389 | Zig:11   | Noticed Xoshanap the pandemonium lord
 99389 | Zig:11   | Noticed Kubuhog the pandemonium lord
 99411 | Zig:11   | Killed Xoshanap the pandemonium lord
 99412 | Zig:11   | Killed Kubuhog the pandemonium lord
 99418 | Zig:11   | Reached skill level 10 in Ice Magic
 99419 | Zig:11   | Found the +4 Cigotuvi's embrace {rMiasma Drain rN+}
 99463 | Zig:11   | Identified the ring of the Failed Coup {Wiz Str+4}
 99482 | Zig:11   | Identified the +5 dagger "Pehoes" {venom, rPois rF+++
                  | Str-2}
 99492 | Zig:12   | Entered Level 12 of a ziggurat
 99609 | Zig:12   | Identified the amulet of Pitta {RegenMP Str+10}
 99630 | Zig:12   | Identified the amulet "Arurghon" {Regen+ rCorr Str+4}
 99649 | Zig:13   | Entered Level 13 of a ziggurat
 99808 | Zig:13   | Acquired 1063 gold pieces
 99809 | Zig:13   | Acquired the +10 dire flail "Tivyh" {elec, rCorr SInv
                  | Stlth+}
 99810 | Zig:13   | Acquired 965 gold pieces
 99822 | Zig:14   | Entered Level 14 of a ziggurat
 99856 | Zig:14   | Identified the amulet of Harmony {RegenMP rC++ Dex-4}
 99977 | Zig:14   | Identified the +8 flail of Overwhelming Force {drain, rPois
                  | rCorr MP-9 Str+6}
 99979 | Zig:14   | Identified the ring "Digyik" {Drain +Blink rN++ rCorr
                  | Str+3}
100004 | Zig:15   | Entered Level 15 of a ziggurat
100041 | Zig:15   | Found the +7 lajatang of Order {silver, rMut}
100049 | Zig:15   | Identified the Disquisition on Conjuration and the Escort
100056 | Zig:15   | Identified the ring "Gularusk" {rPois rN+ Str-4 SInv}
100062 | Zig:15   | Identified the ring of the Magpie {*Slow rC+ rN+ SInv}
100072 | Zig:16   | Entered Level 16 of a ziggurat
100087 | Zig:16   | Noticed an ancient lich
100088 | Zig:16   | Found the +7 mace of Variability {chain chaos}
100088 | Zig:16   | Noticed a dread lich
100091 | Zig:16   | Reached skill level 27 in Spellcasting
100091 | Zig:16   | Killed a dread lich
100091 | Zig:16   | Killed an ancient lich
100092 | Zig:16   | Reached skill level 15 in Ice Magic
100092 | Zig:16   | Noticed an ancient lich
100097 | Zig:16   | Killed an ancient lich
100125 | Zig:16   | Identified the +2 quick blade "Giantslayer" {holy, rPois
                  | rF- rC+ Stlth+}
100148 | Zig:17   | Entered Level 17 of a ziggurat
100155 | Zig:17   | Noticed Tumixech the pandemonium lord
100156 | Zig:17   | Noticed Woreruosk the pandemonium lord
100157 | Zig:17   | Noticed Woxukluu the pandemonium lord
100157 | Zig:17   | Noticed Ahusagic the pandemonium lord
100159 | Zig:17   | Noticed Noer the pandemonium lord
100160 | Zig:17   | Noticed Wyicasod the pandemonium lord
100161 | Zig:17   | Killed Tumixech the pandemonium lord
100162 | Zig:17   | Killed Wyicasod the pandemonium lord
100162 | Zig:17   | Killed Woreruosk the pandemonium lord
100163 | Zig:17   | Killed Woxukluu the pandemonium lord
100164 | Zig:17   | Killed Ahusagic the pandemonium lord
100164 | Zig:17   | Killed Noer the pandemonium lord
100165 | Zig:17   | Noticed Qimez the pandemonium lord
100166 | Zig:17   | Noticed Rastuwuse the pandemonium lord
100167 | Zig:17   | Killed Rastuwuse the pandemonium lord
100168 | Zig:17   | Noticed Hoczulle the pandemonium lord
100169 | Zig:17   | Killed Hoczulle the pandemonium lord
100170 | Zig:17   | Noticed Wicluixi the pandemonium lord
100170 | Zig:17   | Noticed Wiad the pandemonium lord
100171 | Zig:17   | Killed Qimez the pandemonium lord
100173 | Zig:17   | Killed Wiad the pandemonium lord
100179 | Zig:17   | Killed Wicluixi the pandemonium lord
100267 | Zig:17   | Identified the amulet "Viaruad" {RegenMP rCorr Int+4}
100279 | Zig:17   | Identified the +10 battleaxe "Howag" {freeze, Int+3}
100281 | Zig:17   | Identified the +3 broad axe "Zotheig" {elec, Drain Fly
                  | rPois}
100288 | Zig:17   | Identified the +3 leather armour of the Five Cities
                  | {Rampage rF- rCorr Int+4}
100297 | Zig:18   | Entered Level 18 of a ziggurat
100334 | Zig:18   | Found the +1 cloak of Starlight {*Dazzle EV+4 Stlth--}
100336 | Zig:18   | Found the +7 pair of quick blades "Gyre" and "Gimble"
                  | {protect}
100341 | Zig:18   | Identified the +3 shortbow "Kuam" {vorpal, rElec Int+2}
100344 | Zig:18   | Acquired 709 gold pieces
100350 | Zig:18   | Identified the +0 troll leather armour "Hyheown" {Regen+
                  | Int+4 Dex-3 Slay+3}
100367 | Zig:18   | Identified the Catalogue of Orientation and the Escort
100371 | Zig:18   | Identified the ring of Nasaas {rCorr Str+6 Int+2 SInv}
100374 | Zig:18   | Identified the +8 whip of Ysenaz {chaos, rF++ rC- Dex+2}
100379 | Zig:19   | Entered Level 19 of a ziggurat
100395 | Zig:19   | Noticed an ancient lich
100396 | Zig:19   | Noticed a dread lich
100397 | Zig:19   | Noticed a dread lich
100398 | Zig:19   | Killed an ancient lich
100398 | Zig:19   | Killed a dread lich
100401 | Zig:19   | Killed a dread lich
100421 | Zig:19   | Identified the amulet of Kekenlur {Spirit Str+4 Slay+2}
100427 | Zig:19   | Identified the +10 hand axe "Vill" {holy, rElec Int+2}
100430 | Zig:19   | Identified the amulet of Mithrolul {Will+ Regen+ Str-2
                  | Dex+3}
100438 | Zig:19   | Identified Muiwownu's Almanac of the Quantum Rocks
100456 | Zig:20   | Entered Level 20 of a ziggurat
100532 | Zig:20   | Found the +3 sling "Punk" {acid, rCorr}
100534 | Zig:20   | Identified Zufenitoel's Collected Works on the Voyage and
                  | Poisoning
100540 | Zig:20   | Identified the +6 great mace of Eternal Vigilance
                  | {antimagic, rPois Will- Str+2 Int+8}
100548 | Zig:20   | Identified the +3 trident of Fuzzy Tender Mercy {elec,
                  | Str-2 Int+3 Dex+5}
100554 | Zig:20   | Identified the +8 shortbow "Towox" {venom, rPois Will+
                  | Stlth+}
100561 | Zig:20   | Identified the +6 mace of Yxzywow {protect, rElec Int+2
                  | Stlth+}
100597 | Zig:21   | Entered Level 21 of a ziggurat
100661 | Zig:21   | Identified the +0 plate armour of the Known World {+Blink
                  | Will++ Int+2}
100663 | Zig:21   | Identified the Disquisition on the Hurtful Escort
100665 | Zig:21   | Identified the amulet "Pontimme" {rF++ rC+ Regen+ Stlth-}
100679 | Zig:21   | Identified the Collected Works on Excruciating Sinister
                  | Arts
100691 | Zig:21   | Identified the +1 plate armour "Reul Ran" {rElec rPois rF-
                  | Int+5}
100693 | Zig:21   | Identified the ring of Uteumyos {Fire rElec Int-2 Dex+4
                  | SInv}
100711 | Zig:22   | Entered Level 22 of a ziggurat
100875 | Zig:22   | Identified the +2 leather armour of Figope {+Blink Str+6
                  | Dex+4}
100905 | Zig:22   | Identified the ring of the Centipede {rElec rC+ Int+4
                  | Slay+4}
100912 | Zig:23   | Entered Level 23 of a ziggurat
100933 | Zig:23   | Noticed Deuzxez the pandemonium lord
100933 | Zig:23   | Noticed Muwnax the pandemonium lord
100933 | Zig:23   | Noticed Ogol the pandemonium lord
100933 | Zig:23   | Noticed Sysasoca the pandemonium lord
100933 | Zig:23   | Noticed Beohuha the pandemonium lord
100934 | Zig:23   | Noticed Tuwejatz the pandemonium lord
100934 | Zig:23   | Noticed Jueqaib the pandemonium lord
100934 | Zig:23   | Noticed Hinesauf the pandemonium lord
100937 | Zig:23   | Noticed Fopougerch the pandemonium lord
100937 | Zig:23   | Noticed Astrasuyha the pandemonium lord
100937 | Zig:23   | Noticed Valugg the pandemonium lord
100939 | Zig:23   | Killed Beohuha the pandemonium lord
100939 | Zig:23   | Noticed Cyunymiw the pandemonium lord
100942 | Zig:23   | Killed Jueqaib the pandemonium lord
100943 | Zig:23   | Killed Tuwejatz the pandemonium lord
100944 | Zig:23   | Killed Deuzxez the pandemonium lord
100945 | Zig:23   | Killed Valugg the pandemonium lord
100949 | Zig:23   | Killed Sysasoca the pandemonium lord
100951 | Zig:23   | Killed Astrasuyha the pandemonium lord
100951 | Zig:23   | Noticed Jouz the pandemonium lord
100952 | Zig:23   | Killed Muwnax the pandemonium lord
100952 | Zig:23   | Noticed Ikkoa the pandemonium lord
100953 | Zig:23   | Noticed Kefushoff the pandemonium lord
100953 | Zig:23   | Killed Jouz the pandemonium lord
100955 | Zig:23   | Killed Ikkoa the pandemonium lord
100955 | Zig:23   | Paralysed by Fopougerch for 6 turns
100956 | Zig:23   | Noticed Qekh the pandemonium lord
100957 | Zig:23   | Noticed Kerinles the pandemonium lord
100959 | Zig:23   | Noticed Moss the pandemonium lord
100960 | Zig:23   | Noticed Voebru the pandemonium lord
100962 | Zig:23   | Killed Ogol the pandemonium lord
100963 | Zig:23   | Killed Fopougerch the pandemonium lord
100963 | Zig:23   | Noticed Giceox the pandemonium lord
100966 | Zig:23   | Killed Kefushoff the pandemonium lord
100966 | Zig:23   | Killed Giceox the pandemonium lord
100966 | Zig:23   | Killed Hinesauf the pandemonium lord
100967 | Zig:23   | Killed Cyunymiw the pandemonium lord
100968 | Zig:23   | Killed Qekh the pandemonium lord
100969 | Zig:23   | Killed Kerinles the pandemonium lord
100971 | Zig:23   | Killed Voebru the pandemonium lord
100971 | Zig:23   | Killed Moss the pandemonium lord
101114 | Zig:23   | Found the +7 Singing Sword {vorpal, sonic wave}
101123 | Zig:23   | Identified the Handbook of Earth and Changing
101165 | Zig:23   | Acquired 898 gold pieces
101182 | Zig:24   | Entered Level 24 of a ziggurat
101208 | Zig:24   | Reached skill level 27 in Maces & Flails
101212 | Zig:24   | Noticed a dread lich
101212 | Zig:24   | Gained mutation: You are frail. (-10% HP) [a cacodemon]
101215 | Zig:24   | Killed a dread lich
101222 | Zig:24   | Noticed an ancient lich
101225 | Zig:24   | Reached skill level 5 in Stealth
101231 | Zig:24   | Killed an ancient lich
101372 | Zig:24   | Found the +5 robe of Night {Dark Will+ SInv}
101380 | Zig:24   | Identified the +1 leather armour of Ethics {Str+7}
101394 | Zig:24   | Identified the +8 falchion "Beetle's Death Toll"
                  | {antimagic, rPois rF+}
101420 | Zig:25   | Entered Level 25 of a ziggurat
101437 | Zig:25   | Noticed a dread lich
101439 | Zig:25   | Killed a dread lich
101439 | Zig:25   | Noticed a dread lich
101440 | Zig:25   | Noticed an ancient lich
101442 | Zig:25   | Paralysed by a sphinx for 2 turns
101444 | Zig:25   | Killed a dread lich
101444 | Zig:25   | Killed an ancient lich
101444 | Zig:25   | Noticed an ancient lich
101444 | Zig:25   | Noticed a dread lich
101446 | Zig:25   | Noticed a dread lich
101447 | Zig:25   | Killed a dread lich
101447 | Zig:25   | Noticed an ancient lich
101448 | Zig:25   | Killed an ancient lich
101448 | Zig:25   | Noticed a dread lich
101449 | Zig:25   | Killed a dread lich
101449 | Zig:25   | Noticed a dread lich
101451 | Zig:25   | Killed an ancient lich
101451 | Zig:25   | Killed a dread lich
101452 | Zig:25   | Noticed an ancient lich
101454 | Zig:25   | Killed an ancient lich
101455 | Zig:25   | Killed a dread lich
101552 | Zig:25   | Identified the ring of the Cricket {Fire Dex+5}
101563 | Zig:25   | Identified the ring "Ymegroxee" {rC+ rN++ Str-4 SInv}
101566 | Zig:25   | Reached skill level 10 in Stealth
101576 | Zig:25   | Identified the +3 shortbow "Ruohoin" {freeze, rPois rCorr
                  | Int+3}
101585 | Zig:25   | Identified the Reference Book on Floating Transmutation
101591 | Zig:25   | Identified the ring of Disaster {AC+4 Int+4}
101601 | Zig:25   | Identified Urattoucw's Incunabulum of Displacement
101610 | Zig:26   | Entered Level 26 of a ziggurat
101639 | Zig:26   | Identified the +0 tower shield of Spite {rC+}
101641 | Zig:26   | Reached skill level 15 in Evocations
101643 | Zig:26   | Identified the +6 tower shield of Hopscotch {Str+4 Int+4
                  | Dex+2}
101644 | Zig:26   | Identified the +0 tower shield of Agoraphobia {Str+4
                  | Stlth+}
101644 | Zig:26   | Killed from afar by a daeva

Illustrated notes

Levels and vault maps discovered:
D:1:      matt_arrival_spirals, layout_rooms,
          shapermc_ecumenical_altar_hornbeckon, serial_shops, shop,
          grunt_decor_cap, minmay_cupped
D:2:      layout_basic, serial_shops, shop_fountains, uniq_jessica
D:3:      layout_loops_cross
D:4:      layout_cave_pods
D:5:      layout_gridville, nicolae_ru_sacrificial_ziggurat,
          nicolae_dithmenos_the_darkroom, minmay_temple_entry_statues_fountains,
          grunt_ministairs_6, dk_vineyard_2, grunt_decor_resistance,
          st_stairs_11, columned_hall_lemuel, lightli_church_of_beogh
D:6:      layout_loops_corners, lemuel_round_altar, uniq_prince_ribbit1,
          uniq_sigmund
D:7:      nzn_winding_woodlands_stair_cross
          [nzn_winding_woodlands_5x15_sawtooth,
          nzn_winding_woodlands_center_diamonds,
          nzn_winding_woodlands_5x15_concentric,
          nzn_winding_woodlands_5x5_perimeter,
          nzn_winding_woodlands_5x5_closed_star,
          nzn_winding_woodlands_5x15_crooked,
          nzn_winding_woodlands_center_garden,
          nzn_winding_woodlands_5x15_pathside_ponds], layout_basic,
          kb_lookout_dungeons_type, hangedman_abyss_or_decor_passed, uniq_harold
D:8:      cheibrodos_fertilizer, layout_basic, serial_bayou_lake_a, uniq_psyche
D:9:      layout_roguey, nicolae_gozag_seed_capital, uniq_joseph
D:10:     layout_loops_ring, lemuel_round_altar, minitemple, zombieorc2_lemuel
D:11:     layout_cross, erik_lair_orcish_takeover, kennysheep_generic_room_11
D:12:     layout_cave_pools
D:13:     layout_loops_cross, david_vaults_4, portal_ice_cave_demonic_guard,
          nicolae_trove_entry_isolated, kennysheep_generic_room_2
D:14:     layout_irregular_city, nicolae_uskayaw_murder_on_the_dancefloor,
          serial_column_ruins, column_ruins_grid_5, column_ruins_courtyard_long,
          column_ruins_corridor_T, column_ruins_corridor_straight,
          column_ruins_columns_straight, column_ruins_grid_2,
          column_ruins_grid_1, amcnicky_mini_rare_corridor_liquid, st_stairs_8,
          hex_tiny, uniq_josephine
D:15:     gammafunk_depths_entry_grave, layout_basic, serial_shops,
          nicolae_shop_behind_doors, nrook_pool_corridor
Temple:   nicolae_temple_figure_zero
Lair:1:   layout_chaotic_city, serial_bayou_crossing, grunt_megastairs_2,
          infiniplex_staircase_pool
Lair:2:   layout_misc_corridors, spider_nest_entry_rubble, wad_woods_03,
          serial_bayou_shore_b, lemuel_fruit_fields
Lair:3:   layout_cave_pods, maelrawn_ghost_gauntlet_escape, serial_bayou_shore_b
Lair:4:   layout_loops_ring, minmay_shoals_entry_centaurs, uniq_sonja
Lair:5:   layout_small_grid, chequers_serial_rivers_small_a, minmay_holes,
          serial_bayou_shore_b, lemuel_fruit_fields
Lair:6:   minmay_lair_end_frog_pond, layout_misc_corridors, slime_dummy
Shoals:1: layout_shoals, gammafunk_ghost_wrathful_warriors, serial_shops, shop,
          nicolae_shoals_square_sea_wall
Shoals:2: layout_shoals, hangedman_shoals_cup_caves
Shoals:3: layout_shoals
Shoals:4: shoals_end_simple, layout_shoals, hangedman_shoal_volcano,
          uniq_louise, uniq_polyphemus
Spider:1: layout_spider_delve
Spider:2: layout_spider_delve, ebering_ghost_rock_garden, uniq_arachne,
          uniq_jorgrun
Spider:3: layout_spider_delve, uniq_azrael
Spider:4: grunt_spider_rune_circles, uniq_bai_suzhen, uniq_agnes
Slime:1:  layout_caves
Slime:2:  layout_caves
Slime:3:  layout_caves
Slime:4:  layout_caves
Slime:5
Orc:1:    layout_caves, serial_shops, uniq_erica
Orc:2:    grunt_orc_cross, layout_caves, abandoned_shop
Elf:1:    minmay_the_grid_square_5x5_5x5_mashed
          [minmay_the_grid_square_5x5_bracketed,
          minmay_the_grid_square_5x5_corner,
          minmay_the_grid_square_5x5_gyroscope, minmay_the_grid_square_5x5_z,
          minmay_the_grid_square_5x5_shuriken,
          minmay_the_grid_square_5x5_checkered_statues,
          minmay_the_grid_square_5x5_prize_gold,
          minmay_the_grid_square_5x5_comb,
          minmay_the_grid_square_5x5_prize_snowflake,
          minmay_the_grid_square_5x5_fat_x, minmay_the_grid_square_5x5_two,
          minmay_the_grid_square_5x5_bridge,
          minmay_the_grid_square_5x5_prize_waves,
          minmay_the_grid_square_5x5_slash,
          minmay_the_grid_square_5x5_tetrominoes, minmay_the_grid_square_5x5_n,
          minmay_the_grid_square_5x5_prize_junk,
          minmay_the_grid_square_5x5_spiral_small,
          minmay_the_grid_square_5x5_prize_itemx,
          minmay_the_grid_square_5x5_doubleslash,
          minmay_the_grid_square_5x5_moneybag, minmay_the_grid_square_5x5_bite,
          minmay_the_grid_square_5x5_v, minmay_the_grid_square_5x5_shrine2,
          minmay_the_grid_square_5x5_three_walls], layout_geoelf_diagonals,
          orc_legates, uniq_aizul
Elf:2:    layout_geoelf_diagonals, ebering_ghost_rock_garden
Elf:3:    minmay_elf_hall_furrowed, layout_loops_cross
Vaults:1: nicolae_vaults_network_star, hangedman_vaults_nodes, v_misc_30,
          grunt_vaults_hallway_long, v_misc_22, v_alt_pattern_5,
          ontoclasm_vaults_spin, hangedman_vaults_stretched_pinwheel,
          nicolae_vaults_what_the_h, layout_vaults_omnigrid
Vaults:2: ebering_vaults_ghost_gozag, ontoclasm_vaults_twist,
          ontoclasm_vaults_shout, vaults_dpeg_cross, nicolae_vaults_rhombus_6,
          nicolae_vaults_ring_of_whatevers, ontoclasm_vaults_gateway,
          nicolae_vaults_yaktaur_gun_rack, ontoclasm_vaults_hangar,
          vaults_dpeg_diagonal, dpeg_vaults_monster_box,
          nicolae_vaults_little_squares_5, ontoclasm_vaults_decontamination,
          layout_vaults_big_room, uniq_boris, uniq_xtahua
Vaults:3: hangedman_vaults_stitches, nicolae_vaults_asterisk,
          hangedman_vaults_pinch, vaults_room_octagon, hangedman_vaults_slither,
          vaults_room_pools, minmay_crypt_entry_simple_box,
          nicolae_vaults_rhombus_6, v_misc_2, ontoclasm_vaults_fault,
          nicolae_vaults_three_branches, layout_vaults_omnibox, serial_shops,
          shop
Vaults:4: ebering_vaults_ghost_reflecting_pool, st_spiral_rooms,
          hangedman_vaults_nails, nicolae_vaults_little_squares_1, v_pattern_5,
          nicolae_vaults_little_squares_6, v_misc_23,
          nicolae_vaults_mini_display_case, nicolae_vaults_hallways_thing,
          nicolae_vaults_arrows, hangedman_vaults_slice,
          layout_vaults_omnicross, serial_shops, shop, uniq_jory
Vaults:5
Crypt:1:  layout_gridlike, ebering_ghost_xom, hangedman_weighted_door,
          grunt_ministairs_11, roderic_lattice_octagonal_star, uniq_khufu
Crypt:2:  layout_basic, mu_enter_wizlab_6
Crypt:3:  evilmike_haunted_forest
Depths:1: layout_gridlike, rand_demon_pan_entry_4, hangedman_coc_ice_floe,
          elyvilon_altar_5, minmay_misc_feat_alley, tgw_lugonu_bribe,
          minmay_shop_grove
Depths:2: minmay_spiral_squares, layout_gridlike, hellmouth_1,
          serial_bayou_shore_b, uniq_nikola
Depths:3: minmay_heptahexagon, layout_gridlike, enter_ziggurat_e, pan_entry,
          hell_entry, minmay_misc_feat_cross, minmay_shop_star,
          infiniplex_staircase_squiggle, uniq_mennas
Depths:4: cheibrodos_witchhunters_guild, layout_cave_shapes,
          nemelex_spade_bored_becter, hell_entry, abyss_entry,
          serial_bayou_shore_a, minmay_staircase_bubble, serial_bayou_shore_b,
          serial_bayou_shore_b
Depths:5: grunt_zot_entry_funnels, layout_basic, nicolae_tso_carved_into_rock,
          hell_entry, abyss_entry_flame_altar, kennysheep_pointless_box
Zig:26

Skill      XL: |  1  2  3  4  5  6  7  8  9 10 11 12 13 14 15 16 17 18 19 20 21 22 23 24 25 26 27 |
---------------+----------------------------------------------------------------------------------+-----
Earth Magic    | 4 5 6 7 8 9 10 11 12 13 14 15 17 18 19 20 21 22 23 | 23.6
Conjurations   | 1 2 3 4 5 6 7 8 9 10 11 12 13 14 15 16 17 23 | 23.3
Spellcasting   | 3 4 5 6 7 8 9 10 11 12 13 14 15 27 | 27.0
Armour         | 2 4 5 6 |  6.0
Fighting       | 2 3 5 6 7 8 9 10 11 12 13 14 15 16 17 18 19 27 | 27.0
Maces & Flails | 2 3 4 6 7 8 9 10 11 12 13 14 15 27 | 27.0
Dodging        | 2 3 4 5 6 7 8 9 10 11 12 13 15 | 15.0
Evocations     | 2 3 4 5 6 7 8 9 10 15 | 15.1
Fire Magic     | 2 5 7 9 10 12 14 15 16 17 18 23 | 23.2
Axes           | 3 4 |  4.0
Transmutations | 3 5 8 |  8.0
Necromancy     | 3 5 19 | 19.0
Ice Magic      | 23 | 23.2
Stealth        | 11 | 11.5

Action                   |  1- 3 |  4- 6 |  7- 9 | 10-12 | 13-15 | 16-18 | 19-21 | 22-24 | 25-27 || total
-------------------------+-------+-------+-------+-------+-------+-------+-------+-------+-------++-------
Melee: Mace              |    36 |   123 |     2 |       |       |       |       |       |       ||   161
       Unarmed           |     3 |       |       |       |       |       |       |       |       ||     3
       Short sword       |       |       |   209 |    76 |       |       |       |       |       ||   285
       Flail             |       |       |       |   470 |   430 |   486 |   299 |       |       ||  1685
       Eveningstar       |       |       |       |       |       |       |    75 |   172 |   959 ||  1206
       Maul              |       |       |       |       |       |       |       |       |   329 ||   329
       Sacred scourge    |       |       |       |       |       |       |       |       |     3 ||     3
 Cast: Sandblast         |    25 |    14 |    29 |    58 |    99 |    33 |    16 |       |       ||   274
       Stone Arrow       |       |     2 |    54 |   145 |   106 |     9 |     7 |     2 |     8 ||   333
       Lee's Rapid Decon |       |     1 |     4 |    48 |    48 |    29 |    82 |    25 |    72 ||   309
       Fireball          |       |       |       |     9 |    25 |    56 |     7 |       |       ||    97
       Iron Shot         |       |       |       |       |    92 |   255 |   170 |    77 |   261 ||   855
       Starburst         |       |       |       |       |    50 |    68 |       |       |       ||   118
       Bolt of Magma     |       |       |       |       |     8 |    57 |    37 |     5 |    30 ||   137
       Ignition          |       |       |       |       |       |     4 |    90 |    30 |   158 ||   282
       Shatter           |       |       |       |       |       |       |       |    87 |   368 ||   455
       Fire Storm        |       |       |       |       |       |       |       |     1 |   169 ||   170
       Absolute Zero     |       |       |       |       |       |       |       |       |    18 ||    18
       Lehudib's Crystal |       |       |       |       |       |       |       |       |     8 ||     8
       Death's Door      |       |       |       |       |       |       |       |       |     2 ||     2
       Necromutation     |       |       |       |       |       |       |       |       |     2 ||     2
Evoke: Wand              |       |       |     2 |    10 |     9 |     6 |    17 |     1 |    11 ||    56
       Tin of tremorston |       |       |       |       |     2 |     7 |     8 |     6 |     3 ||    26
       Phial of floods   |       |       |       |       |       |     1 |     2 |     1 |     1 ||     5
       Phantom mirror    |       |       |       |       |       |       |     2 |     1 |     1 ||     4
       Lightning rod     |       |       |       |       |       |       |       |     2 |       ||     2
       Box of beasts     |       |       |       |       |       |       |       |     1 |     1 ||     2
       Condenser vane    |       |       |       |       |       |       |       |       |     6 ||     6
       Figurine of a zig |       |       |       |       |       |       |       |       |     1 ||     1
  Use: Scroll            |       |     6 |     7 |    10 |     7 |    13 |    20 |     5 |    41 ||   109
       Potion            |       |       |     1 |     1 |     4 |    10 |    18 |     7 |    53 ||    94
 Stab: Sleeping          |     1 |     1 |     1 |       |     1 |     1 |       |       |     2 ||     7
       Distracted        |       |       |       |     1 |     1 |       |     2 |       |     4 ||     8
       Paralysed         |       |       |       |       |     6 |       |       |       |       ||     6
       Petrified         |       |       |       |       |       |       |       |       |     4 ||     4
Armor: Robe              |    23 |    66 |   128 |       |       |       |       |       |       ||   217
       Steam dragon scal |       |       |    22 |   472 |   540 |   683 |   367 |   181 |  1611 ||  3876
       Skin              |       |       |       |     7 |       |       |       |       |       ||     7
Dodge: Dodged            |    41 |    90 |   148 |   391 |   571 |   536 |   323 |   131 |  1915 ||  4146
Block: Other             |       |       |     5 |   170 |   188 |   197 |   127 |    50 |   199 ||   936
       Reflection        |       |       |       |    11 |     4 |     8 |    14 |     4 |     3 ||    44

Table legend: (Time is in decaauts)
 A = Elapsed time spent in this place.
 B = Non-inter-level travel time spent in this place.
 C = Inter-level travel time spent in this place.
 D = Time resting spent in this place.
 E = Time spent auto-exploring this place.
 F = Levels seen in this place.
 G = Mean time per level.
                   A        B        C        D        E       F      G
               +--------+--------+--------+--------+--------+-----+--------+
         Total | 101891 |  95110 |   6781 |  30295 |  44528 | 117 |  870.9 |
       Dungeon |  24064 |  21782 |   2282 |   4241 |  13069 |  15 | 1604.3 |
        Temple |    138 |    126 |     12 |      0 |    106 |   1 |  138.0 |
          Lair |  11038 |  10086 |    952 |   2364 |   6438 |   6 | 1839.7 |
        Shoals |   7581 |   7366 |    215 |   2086 |   3963 |   4 | 1895.2 |
   Spider Nest |   6750 |   6426 |    324 |   3140 |   2333 |   4 | 1687.5 |
    Slime Pits |   1158 |   1088 |     70 |    640 |      0 |   5 |  231.6 |
  Orcish Mines |   2127 |   1947 |    180 |    533 |   1013 |   2 | 1063.5 |
   Elven Halls |   5617 |   5123 |    494 |   1612 |   2321 |   3 | 1872.3 |
        Vaults |  14863 |  13558 |   1305 |   4580 |   7191 |   5 | 2972.6 |
         Crypt |   5548 |   5427 |    121 |   1939 |   2301 |   3 | 1849.3 |
        Depths |  11044 |  10220 |    824 |   3176 |   5204 |   5 | 2208.8 |
         Abyss |   2032 |   2032 |      0 |    205 |    372 |  10 |  203.2 |
      Ziggurat |   7737 |   7737 |      0 |   4108 |      0 |  53 |  146.0 |
        Wizlab |   2186 |   2186 |      0 |   1668 |    217 |   1 | 2186.0 |
               +--------+--------+--------+--------+--------+-----+--------+

Top non-repeatable levels by time:
Vaults:3: 3934 daAuts
Depths:2: 3527 daAuts
Vaults:1: 3470 daAuts
Vaults:2: 3188 daAuts
Vaults:4: 3150 daAuts
    D:13: 2912 daAuts
Spider:2: 2748 daAuts
 Crypt:3: 2596 daAuts
Shoals:4: 2570 daAuts
Depths:3: 2442 daAuts
  Lair:2: 2406 daAuts
     D:7: 2313 daAuts
    D:15: 2300 daAuts
Depths:4: 2286 daAuts
   Elf:1: 2261 daAuts
